Workbook
Name аааааппппппрррппппппп: #REF!
Name аараооооооооооооо: #REF!
Name автом: #REF!
Name алшрльоплварл: #REF!
Name аолвлддддддддддддддддввввввввв: #REF!
Name апарв: #REF!
Name апрлдджаоырыфрпопрлпрлпрлп: #REF!
Name арлггаджаш: #REF!
Name ароррбллтблпроорапииас: #REF!
Name арррррблллпдрлдддддддддд: #REF!
Name варпаааааааааа: #REF!
Name ввпьььььлднд: #REF!
Name вед: #REF!
Name вертикальная: #REF!
Name вертикплан: #REF!
Name волен: #REF!
Name вп: #REF!
Name впырпфдыпл: #REF!
Name впьглорьтитттттттттт: #REF!
Name всввввввввввввввввввввввввв: #REF!
Name выб: #REF!
Name выпуск: #REF!
Name выьлепвввввпмп: #REF!
Name еваопродолжэрщэрзшщщх: #REF!
Name измен: #REF!
Name итого: #REF!
Name итого_сантех: #REF!
Name итого_стр: #REF!
Name итого_строит: #REF!
Name итого_технол: #REF!
Name итого_электр: #REF!
Name квота: #REF!
Name кккккккккк: #REF!
Name корек: #REF!
Name корект: #REF!
Name корректир: #REF!
Name лен: #REF!
Name лот: #REF!
Name мамиааааааааааааааааааааааааааааа: #REF!
Name ммпоослччччччччччрччапппппппппр: #REF!
Name мрол: #REF!
Name оз: #REF!
Name озелен: #REF!
Name озеленение: #REF!
Name озеленение2: #REF!
Name ОСР: #REF!
Name ОСР110: #REF!
Name ОСР111: #REF!
Name план: #REF!
Name планировка: #REF!
Name плдщхэж.юрббдлююбо: #REF!
Name площадки: #REF!
Name пос: #REF!
Name прав: #REF!
Name прлппппппппппппппрррррррр: #REF!
Name провбп: #REF!
Name проект: #REF!
Name пропппп: #REF!
Name рпоолллллбрюююююююююююю: #REF!
Name сааповвыыыыыеееееггггггггг: #REF!

Sheet СМР
A1: Расчет начальной (максимальной) цены на
A2: "Выполнение строительно - монтажных работ по реконструкции. Площадка 2. Здание 234Г (инв.№7401055). "
A4: Наименование глав ССР, объектный сметных расчетов, локальных сметных расчетов, видов прочих работ | B4: Сметная стоимость строительства в базисном уровне цен на 01.01.2000г. по ССР | F4: Остаток сметной стоимости в базисном уровне цен на 01.01.2015 | J4: Сметная стоимость строительства в базисном уровне цен на 01.01.2000г., выставленная на конкурс | N4: Текущая стоимость на момент определения начальной (максимальной) цены | O4: № обосновывающего расчета | P4: 2016 год
B5: Всего | C5: СМР | D5: Оборудование | E5: Прочие | F5: Всего | G5: СМР | H5: Оборудование | I5: Прочие | J5: Всего | K5: СМР | L5: Оборудование | M5: Прочие | P5: СМР | Q5: Оборудование | R5: Прочие
A6: 1 | B6: 2 | C6: 3 | D6: 4 | E6: 5 | F6: 6 | G6: 7 | H6: 8 | I6: 9 | J6: 10 | K6: 11 | L6: 12 | M6: 13 | N6: 14 | O6: 15 | P6: 19 | Q6: 20 | R6: 21
A7: На реконструкцию. Площадка 2. Здание 234Г (инв.№ 7401055). Раздел: Теплоснабжение | B7: 6458 | C7: 6458 | D7: 0 | E7: 0 | F7: =SUM(G7:I7) -> 6458 | G7: =C7 -> 6458 | H7: =D7 -> 0 | I7: =E7 -> 0 | J7: =SUM(K7:M7) -> 6458 | K7: =G7 -> 6458 | N7: =SUM(P7:R7) -> 40394 | O7: 25772 | P7: =ROUND(K7*5.94*1.053,0) -> 40394
A8: На реконструкцию. Площадка 2. Здание 234Г (инв.№ 7401055). Раздел: Силовое электрооборудование. Электроосвещение. Электроснабжение вентсистем при пожаре, управление огнезащитными клапанами | B8: 105016 | C8: 88501 | D8: 100 | E8: 16415 | F8: =SUM(G8:I8) -> 105016 | G8: =C8 -> 88501 | H8: =D8 -> 100 | I8: =E8 -> 16415 | J8: =SUM(K8:M8) -> 105016 | K8: =C8 -> 88501 | L8: =H8 -> 100 | M8: =I8 -> 16415 | N8: =SUM(P8:R8) -> 733732 | O8: 25773 | P8: =ROUND(K8*5.94*1.053,0) -> 553558 | Q8: =ROUND(H8*3.89*1.053,0) -> 410 | R8: =ROUND(I8*10.4*1.053,0) -> 179764
A9: На реконструкцию. Площадка 2. Здание 234Г (инв.№ 7401055). Раздел:Вентиляция | B9: 390775 | C9: 217153 | D9: 173622 | F9: =SUM(G9:I9) -> 390775 | G9: =C9 -> 217153 | H9: =D9 -> 173622 | J9: =SUM(K9:M9) -> 390775 | K9: =G9 -> 217153 | L9: =H9 -> 173622 | N9: =SUM(P9:R9) -> 2069438 | O9: 25774 | P9: =ROUND(K9*5.94*1.053,0) -> 1358253 | Q9: =ROUND(H9*3.89*1.053,0) -> 711185 | R9: =ROUND(I9*10.4*1.053,0) -> 0
A10: На реконструкцию. Площадка 2. Здание 234Г (инв.№ 7401055). Раздел: Архитектурно-строительные решения. | B10: =C10 -> 83651 | C10: 83651 | F10: =SUM(G10:I10) -> 83651 | G10: =C10 -> 83651 | J10: =SUM(K10:M10) -> 83651 | K10: =G10 -> 83651 | N10: =SUM(P10:R10) -> 523222 | O10: 25804-1 | P10: =ROUND(K10*5.94*1.053,0) -> 523222 | Q10: =ROUND(H10*3.89*1.053,0) -> 0
A11: На реконструкцию. Площадка 2. Здание 234Г (инв.№ 7401055). Раздел: Пусконаладочные работы. Вентиляция. | B11: 9082 | E11: 9082 | F11: =SUM(G11:I11) -> 9082 | G11: =C11 -> 0 | I11: =E11 -> 9082 | J11: =SUM(K11:M11) -> 9082 | K11: =G11 -> 0 | M11: =E11 -> 9082 | N11: =SUM(P11:R11) -> 99459 | O11: 25792 | P11: =ROUND(K11*5.94*1.053,0) -> 0 | R11: =ROUND(M11*10.4*1.053,0) -> 99459
A12: На реконструкцию. Площадка 2. Здание 234Г (инв.№ 7401055). Раздел: Генплан. | B12: 87689 | C12: 87689 | F12: =G12 -> 87689 | G12: =C12 -> 87689 | J12: =SUM(K12:M12) -> 87689 | K12: =G12 -> 87689 | O12: 26133 | P12: =ROUND(K12*5.94*1.053,0) -> 548479
A13: Итого в ценах 2000 года: | B13: =SUM(B7:B12) -> 682671 | C13: =SUM(C7:C12) -> 483452 | D13: =SUM(D7:D11) -> 173722 | E13: =SUM(E7:E11) -> 25497 | F13: =SUM(F7:F12) -> 682671 | G13: =SUM(G7:G12) -> 483452 | H13: =SUM(H7:H11) -> 173722 | I13: =SUM(I7:I11) -> 25497 | J13: =SUM(J7:J12) -> 682671 | K13: =SUM(K7:K12) -> 483452 | L13: =SUM(L7:L11) -> 173722 | M13: =SUM(M7:M11) -> 25497 | N13: =SUM(P13:R13) -> 4014724 | P13: =SUM(P7:P12) -> 3023906 | Q13: =SUM(Q8:Q9) -> 711595 | R13: =SUM(R7:R11) -> 279223
A14: НДС 18% | N14: =SUM(P14:R14) -> 722650.32 | P14: =ROUND(P13*18%,2) -> 544303.08 | Q14: =ROUND(Q13*18%,2) -> 128087.1 | R14: =ROUND(R13*18%,2) -> 50260.14
A15: Всего: | N15: =SUM(P15:R15) -> 4737374.3 | P15: =SUM(P13:P14) -> 3568209.1 | Q15: =SUM(Q13:Q14) -> 839682.1 | R15: =SUM(R13:R14) -> 329483.14
A17: * В расчете использованы индексы:
A18: - 5,94 индекс изменения сметной стоимости СМР к ТЕР 2001 (письмо Минстроя России от 13.08.2015 года № 25760-ЮР/08 приложение 1, прочие объекты)
A19: - 3,89 индекс изменения сметной стоимости оборудования к ТЕР 2001 (письмо Минстроя России от 13.08.2015 года № 25760-ЮР/08 приложение 5, экономика в целом)
A20: - 10,40 индекс изменения сметной стоимости Прочих затрат к ТЕР 2001 (письмо Минстроя России от 13.08.2015 года № 25760-ЮР/08 приложение 1, пусконаладочные работы)
A21: ** В расчете использован индекс-дефлятор по инвестициям в основной капитал 2016/2015 - 1,053 по письму Госкорпорации "Росатом" от 09.09.2014 № 1-12.8/34083
A23: Начальник отдела капитального строительства
A24: ФГУП "Комбинат "Электрохимприбор" | H24: А.А. Султанский
A26: Инженер договорной группы | H26: И.А. Клюсова
A28: Согласовано | H28: отд. 028

Sheet НМЦ договора
A5: Определение начальной (максимальной) цены договора генерального подряда
A6: на "выполнение строительно-монтажных работ по реконструкции. Площадка 2. Здание 234Г (инв.№7401055). "
A7: на 2016 год
A9: Способ закупки: открытый запрос предложений
F10: ц.2000г./текущие цены, руб.
A11: Наименование услуг и работ (затрат) | C11: Сметная стоимость строительства в базисном уровне цен на 01.01.2000 г. | D11: Сметная стоимость строительства в текущем уровне цен, пресчитанная на момент проведения процедуры закупки | F11: Начальная (максимальная) цена | G11: в том числе по годам строительства
G14: 2016 г.
A18: 1 | C18: 2 | D18: 3 | F18: 4 | G18: 5
A19: СМР | C19: =СМР!G13 -> 483452 | D19: =G19 -> 3023906 | F19: =G19 -> 3023906 | G19: =СМР!P13 -> 3023906
A20: Оборудование | C20: =СМР!H13 -> 173722 | D20: =СМР!Q13 -> 711595 | F20: =G20 -> 711595 | G20: =D20 -> 711595
A21: Прочие затраты | C21: =СМР!I13 -> 25497 | D21: =СМР!R13 -> 279223 | F21: =G21 -> 279223 | G21: =СМР!R13 -> 279223
A22: Всего: | C22: =SUM(C19:C21) -> 682671 | D22: =SUM(D19:E21) -> 4014724 | F22: =SUM(F19:F21) -> 4014724 | G22: =SUM(G19:G21) -> 4014724
A23: НДС | D23: =SUM(G23:G23) -> 722650.32 | F23: =D23 -> 722650.32 | G23: =ROUND(G22*18%,2) -> 722650.32
A24: Итого с НДС | D24: =SUM(D22:E23) -> 4737374.3 | F24: =SUM(F22:F23) -> 4737374.3 | G24: =SUM(G22:G23) -> 4737374.3
A26: В расчете использованы индексы:
A28: - 5,94 индекс изменения сметной стоимости СМР к ТЕР 2001 (письмо Минстроя России от 13.08.2015 года № 25760-ЮР/08 приложение 1, прочие объекты) - 3,89 индекс изменения сметной стоимости оборудования к ТЕР 2001 (письмо Минстроя России от 13.08.2015 года № 25760-ЮР/08 приложение 5, экономика в целом) - 10,40 индекс изменения сметной стоимости Прочих затрат к ТЕР 2001 (письмо Минстроя России от 13.08.2015 года № 25760-ЮР/08 приложение 1, пусконаладочные работы) ** В расчете использован индекс-дефлятор по инвестициям в основной капитал 2016/2015 - 1,053 по письму Госкорпорации "Росатом" от 09.09.2014 № 1-12.8/34083
A30: Начальник отдела капитального строительства
A31: ФГУП "Комбинат "Электрохимприбор" | G31: А.А. Султанский
A33: Инженер договорной группы | G33: И.А. Клюсова
A35: Согласовано | G35: отд.028

Sheet 25772
A1: СОГЛАСОВАНО: | E1: ФГУП "Комбинат "Электрохимприбор" | M1: УТВЕРЖДАЮ:
G2: (наименование стройки) | M2: Зам. генерального директора
A3: _____________________________ | M3: Е.В.Гордеев
A4: " _____ " ________________ 2015г. | G4: ЛОКАЛЬНЫЙ СМЕТНЫЙ РАСЧЕТ №25772
G5: (локальная смета) | M5: "______ " __________2015 г.
C7: на | D7: Реконструкцию. Площадка 2 Здание 234 Г (инв.№ 7401055) Раздел: Теплоснабжение
H8: (наименование работ и затрат, наименование объекта)
D10: Основание: Проект № 25026-14-ТС
D11: Сметная стоимость строительных работ _______________________________________________________________________________________________ | J11: ___________________________6,458 | L11: тыс. руб.
D12: Средства на оплату труда _______________________________________________________________________________________________ | J12: ___________________________0,702 | L12: тыс. руб.
D13: Сметная трудоемкость _______________________________________________________________________________________________ | J13: _______________________________________________________________________________________________49,78 | L13: чел.час
D14: Материалы ___________________________________________________________ | J14: =J72/1000 -> 4.172 | L14: тыс.руб.
D15: Составлен(а) в базовых ценах 2001г. в редакции 2009г.
A17: № пп | B17: Обосно- вание | C17: Наименование | D17: Ед. изм. | E17: Кол. | F17: Стоимость единицы, руб. | J17: Общая стоимость, руб. | N17: Т/з осн. раб.на ед. | O17: Т/з осн. раб. Всего | P17: Т/з мех. на ед. | Q17: Т/з мех. Всего
F18: Всего | G18: В том числе | J18: Всего | K18: В том числе
G19: Осн.З/п | H19: Эк.Маш | I19: З/пМех | K19: Осн.З/п | L19: Эк.Маш | M19: З/пМех
A20: 1 | B20: 2 | C20: 3 | D20: 4 | E20: 5 | F20: 6 | G20: 7 | H20: 8 | I20: 9 | J20: 10 | K20: 11 | L20: 12 | M20: 13 | N20: 14 | O20: 15 | P20: 16 | Q20: 17
A21: Раздел 1. Теплоснабжение.
A22: 1 | B22: ТЕР16-05-001-01 | C22: Установка вентилей на трубопроводах из стальных труб диаметром до 25 мм | D22: 1 шт. | E22: 5 | F22: 84.1 | G22: 18.79 | H22: 4.23 | J22: 421 | K22: 94 | L22: 21 | N22: 1.47 | O22: 7.35
A23: 2 | B23: ТСЦ-302-1265 | C23: Вентили проходные муфтовые 15Б1БК для воды и пара давлением 1,6 МПа (16 кгс/см2), диаметром 15 мм | D23: шт. | E23: 4 | F23: 29.74 | J23: 119
A24: 3 | B24: ТСЦ-302-1266 | C24: Вентили проходные муфтовые 15Б1БК для воды и пара давлением 1,6 МПа (16 кгс/см2), диаметром 20 мм | D24: шт. | E24: 1 | F24: 35.11 | J24: 35
A25: 4 | B25: ТЕР16-02-004-01 | C25: Прокладка трубопроводов отопления и газоснабжения из стальных бесшовных труб диаметром до 50 мм | D25: 100 м | E25: 0.28 | F25: 7249.68 | G25: 837.02 | H25: 157.48 | I25: 3.46 | J25: 2030 | K25: 234 | L25: 44 | M25: 1 | N25: 60.83 | O25: 17.03 | P25: 0.19 | Q25: 0.05
A26: 5 | B26: ТЕР16-07-005-01 | C26: Гидравлическое испытание трубопроводов систем отопления, водопровода и горячего водоснабжения диаметром до 50 мм | D26: 100 м | E26: 0.28 | F26: 104.4 | G26: 82.16 | H26: 15.29 | J26: 29 | K26: 23 | L26: 4 | N26: 5.01 | O26: 1.4
A27: 6 | B27: ТСЦ-301-1224 | C27: Крепления для трубопроводов: кронштейны, планки, хомуты | D27: кг | E27: 45 | F27: 17.02 | J27: 766
A28: 7 | B28: ТЕР09-03-039-01 прим. | C28: Монтаж крепления паровой обвязки КОП | D28: 1 т конструкций | E28: 0.024 | F28: 1711.14 | G28: 1025.21 | H28: 386.58 | I28: 2 | J28: 41 | K28: 25 | L28: 9 | N28: 80.22 | O28: 1.93 | P28: 0.11
A29: 8 | B29: ТСЦ-201-0778 | C29: Прочие индивидуальные сварные конструкции, масса сборочной единицы до 0,1 т (Материалы для крепления паровой обвязки КОП) | D29: т | E29: 0.024 | F29: 13506.5 | J29: 324
A30: 9 | B30: ТЕР13-03-002-04 | C30: Огрунтовка металлических поверхностей за один раз грунтовкой ГФ-021 (крепления) | D30: 100 м2 | E30: 0.018684 | F30: 417.46 | G30: 79.65 | H30: 10.15 | I30: 0.16 | J30: 8 | K30: 1 | N30: 5.31 | O30: 0.1 | P30: 0.01
A31: 10 | B31: ТЕР13-03-004-23 | C31: Окраска металлических огрунтованных поверхностей краской БТ-177 (крепления) (За 2 раза ПЗ=2 (ОЗП=2; ЭМ=2 к расх.; ЗПМ=2; МАТ=2 к расх.; ТЗ=2; ТЗМ=2)) | D31: 100 м2 | E31: 0.018684 | F31: 777.58 | G31: 73.62 | H31: 26.6 | I31: 0.32 | J31: 15 | K31: 1 | N31: 5.76 | O31: 0.11 | P31: 0.02
A32: 11 | B32: ТЕР13-03-002-04 | C32: Огрунтовка металлических поверхностей за один раз грунтовкой ГФ-021 (трубопроводов и фланцев) | D32: 100 м2 | E32: 0.031 | F32: 417.46 | G32: 79.65 | H32: 10.15 | I32: 0.16 | J32: 13 | K32: 2 | N32: 5.31 | O32: 0.16 | P32: 0.01
A33: 12 | B33: ТЕР13-03-004-15 | C33: Окраска металлических огрунтованных поверхностей органосиликатной композицией ОС-51-03 (трубопроводов и фланцев) (4 слоя ПЗ=4 (ОЗП=4; ЭМ=4 к расх.; ЗПМ=4; МАТ=4 к расх.; ТЗ=4; ТЗМ=4)) | D33: 100 м2 | E33: 0.031 | F33: 7060.04 | G33: 129.84 | H33: 49.32 | I33: 0.64 | J33: 219 | K33: 4 | L33: 2 | N33: 10.16 | O33: 0.32 | P33: 0.04
A34: 13 | B34: ТЕР15-04-030-04 | C34: Масляная окраска металлических труб диаметром менее 50 мм и т.п., количество окрасок 2 (воздушник) | D34: 100 м2 | E34: 0.002 | F34: 1384.09 | G34: 886.83 | H34: 3.68 | I34: 0.16 | J34: 3 | K34: 2 | N34: 71.06 | O34: 0.14 | P34: 0.01
A35: 14 | B35: ТЕР26-01-003-01 | C35: Изоляция трубопроводов цилиндрами EURO-ШЕЛЛ Ц 453,87 = 2 429,78 - 0,039 x 17 616,25 - 1,032 x 1 248,91 | D35: 1 м3 | E35: 0.143 | F35: 453.87 | G35: 243.27 | H35: 46.57 | J35: 65 | K35: 35 | L35: 7 | N35: 18.8 | O35: 2.69
A36: Уд | B36: 1. 101-1876 | C36: Сталь листовая оцинкованная толщиной листа 0,8 мм | D36: т | E36: 0,039 0,0056 | F36: 17616.25 | J36: 98.65
A37: Уд | B37: 2. 104-0017 | C37: Цилиндры и полуцилиндры теплоизоляционные из минваты на синтетическом связующем М-200, внутренний диаметр 76-108 мм | D37: м3 | E37: 1,032 0,1476 | F37: 1248.91 | J37: 184.34
A38: 15 | B38: Прайс лист от 25.12.14 (стр. 1) | C38: Стоимость: Цилиндры EURO-ШЕЛЛ Ц, толщина 30мм, диаметр ф21 (Цена:150,00:1,18:5,71*1,02) | D38: м | E38: 13 | F38: 22,71 150,00/1,18/5,71*1,02 | J38: 295
A39: 16 | B39: Прайс лист от 25.12.14 (стр. 1) | C39: Стоимость: Цилиндры EURO-ШЕЛЛ Ц, толщина 30мм, диаметр ф28 (Цена:210,00:1,18:5,71*1,02) | D39: м | E39: 13 | F39: 22,71 150,00/1,18/5,71*1,02 | J39: 295
A40: 17 | B40: ТЕР15-04-030-05 | C40: Окраска масляными составами трубопроводов по изоляции (предупреждающие кольца и знаки) | D40: 100 м2 | E40: 0.003 | F40: 959.83 | G40: 262.2 | H40: 4.77 | I40: 0.16 | J40: 3 | K40: 1 | N40: 21.01 | O40: 0.06 | P40: 0.01
A41: Итого по разделу 1 Теплоснабжение. | J41: 6458 | O41: 49.78 | Q41: 0.08
A42: ИТОГИ ПО СМЕТЕ:
A43: Итого прямые затраты по смете в ценах 2001г. | J43: 4681 | K43: 422 | L43: 87 | M43: 1 | O43: 31.29 | Q43: 0.05
A44: Итого прямые затраты по смете с учетом коэффициентов к итогам | J44: 5024 | K44: 701 | L44: 151 | M44: 1 | O44: 49.78 | Q44: 0.08
A45: В том числе, справочно:
A46: Районный к-т 4,3% (Поз. 1, 4-5, 7, 14) | J46: 18 | K46: 18
A47: При ремонте и реконструкции зданий и сооружений работы, аналогичные технологическим процессам в новом строительстве ОЗП=1,15; ЭМ=1,25; ЗПМ=1,25; ТЗ=1,15; ТЗМ=1,25 (Поз. 1, 4-5, 7, 9-12, 14) | J47: 88 | K47: 66 | L47: 22 | O47: 4.6635 | Q47: 0.0125
A48: Испытание систем отопления. (п. 1.18.16 Тех.часть) ОЗП=1,03; ЭМ=1,03; ЗПМ=1,03; ТЗ=1,03; ТЗМ=1,03 (Поз. 1, 4-5) | J48: 16 | K48: 13 | L48: 3 | O48: 0.8895 | Q48: 0.0018
A49: Производство строительных и монтажных работ в существующих зданиях и сооружениях в стесненных условиях: с наличием в зоне производства работ действующего технологического оборудования ОЗП=1,35; ЭМ=1,35; ЗПМ=1,35; ТЗ=1,35; ТЗМ=1,35 (Поз. 1, 4-5, 7, 9-13, 17, 14) | J49: 221 | K49: 182 | L49: 39 | O49: 12.9045 | Q49: 0.021
A50: Накладные расходы | J50: 861
A51: В том числе, справочно:
A52: 90% ФОТ (от 53) (Поз. 7, 9-12) | J52: 48
A53: 100% ФОТ (от 58) (Поз. 14) | J53: 58
A54: 105% ФОТ (от 4) (Поз. 13, 17) | J54: 4
A55: 128% ФОТ (от 587) (Поз. 1, 4-5) | J55: 751
A56: Сметная прибыль | J56: 573
A57: В том числе, справочно:
A58: 55% ФОТ (от 4) (Поз. 13, 17) | J58: 2
A59: 70% ФОТ (от 70) (Поз. 9-12, 14) | J59: 49
A60: 83% ФОТ (от 587) (Поз. 1, 4-5) | J60: 487
A61: 85% ФОТ (от 41) (Поз. 7) | J61: 35
A62: ВСЕГО по смете | J62: 6458 | O62: 49.78 | Q62: 0.08
A63: Сантехнические работы - внутренние (трубопроводы, водопровод, канализация, отопление, газоснабжение, вентиляция и кондиционирование воздуха) | J63: 4004 | O63: 41.23 | Q63: 0.08
A64: Материалы | J64: 1244
A65: Строительные металлические конструкции | J65: 135 | O65: 3
A66: Защита строительных конструкций и оборудования от коррозии | J66: 280 | O66: 1.07
A67: Отделочные работы | J67: 13 | O67: 0.31
A68: Теплоизоляционные работы | J68: 192 | O68: 4.17
A69: Материалы покупные | J69: 590
A70: Итого | J70: 6458 | O70: 49.78 | Q70: 0.08
A71: В том числе:
A72: Материалы | J72: 4172
A73: Машины и механизмы | J73: =151-M44 -> 150
A74: ФОТ | J74: 702
A75: Накладные расходы | J75: 861
A76: Сметная прибыль | J76: 573
A77: ВСЕГО по смете | J77: 6458 | O77: 49.78 | Q77: 0.08
A79: ПРИМЕЧАНИЯ:
B80: 1. | C80: К=5,71 - индекс перевода в IV квартале 2014г. из базисных цен 2001г. в текущие на СМР (прил. №1 к Письму Минстроя России от 13.11.2014 N 25374-ЮР/08)
B83: Начальник отд.078 _________________________Т.М.Ковязина | I83: Составил инженер-сметчик __________________ Н.А.Батаева
I84: 19.03.15г.
I85: Ведущий инженер отд.078____________________ В.В.Воронкова

Sheet 25773
A1: СОГЛАСОВАНО: | E1: ФГУП "Комбинат "Электрохимприбор" | M1: УТВЕРЖДАЮ:
G2: (наименование стройки) | M2: Зам. генерального директора
M3: Е.В.Гордеев
A4: _________________ | M4: _________________
A5: " _____ " ________________ 2015 г. | M5: "______ " __________2015 г.
G6: ЛОКАЛЬНЫЙ СМЕТНЫЙ РАСЧЕТ № 25773
G7: (локальная смета)
C9: на | D9: Реконструкцию. Площадка 2. Здание 234Г. Инв.№ 7401055.
D10: Раздел: Силовое электрооборудование. Электроосвещение. Электроснабжение
D11: вентсистем при пожаре, управление огнезащитными клапанами.
H12: (наименование работ и затрат, наименование объекта)
D14: Основание: проект № 25026-14-ЭМО
D15: Сметная стоимость _______________________________________________________________________________________________ | J15: ___________________________105,016 | L15: тыс. руб.
D16: строительных работ _______________________________________________________________________________________________ | J16: _______________________________________________________________________________________________1,417 | L16: тыс. руб.
D17: монтажных работ _______________________________________________________________________________________________ | J17: _______________________________________________________________________________________________87,084 | L17: тыс. руб.
D18: прочих (ПНР "вхолостую") _______________________________________________________________________________________________ | J18: _______________________________________________________________________________________________16,415 | L18: тыс. руб.
D19: оборудования _______________________________________________________________________________________________ | J19: _______________________________________________________________________________________________0,100 | L19: тыс. руб.
D20: Средства на оплату труда _______________________________________________________________________________________________ | J20: ___________________________14,525 | L20: тыс. руб.
D21: Сметная трудоемкость _______________________________________________________________________________________________ | J21: _______________________________________________________________________________________________808,01 | L21: чел.час
D22: Составлен(а) в базовых ценах 2001г. в редакции 2009г.
A24: № пп | B24: Обосно- вание | C24: Наименование | D24: Ед. изм. | E24: Кол. | F24: Стоимость единицы, руб. | J24: Общая стоимость, руб. | N24: Т/з осн. раб.на ед. | O24: Т/з осн. раб. Всего | P24: Т/з мех. на ед. | Q24: Т/з мех. Всего
F25: Всего | G25: В том числе | J25: Всего | K25: В том числе
G26: Осн.З/п | H26: Эк.Маш | I26: З/пМех | K26: Осн.З/п | L26: Эк.Маш | M26: З/пМех
A27: 1 | B27: 2 | C27: 3 | D27: 4 | E27: 5 | F27: 6 | G27: 7 | H27: 8 | I27: 9 | J27: 10 | K27: 11 | L27: 12 | M27: 13 | N27: 14 | O27: 15 | P27: 16 | Q27: 17
A28: Раздел 1. Силовые и осветительные сети
A29: 1 | B29: П/л от 02.01.2015г. | C29: Лента монтажная перфорированная, 17х0,6 СМ 610040 Формулы цены единицы: МАТ=13,82/1,18/5,74 | D29: м | E29: 25 | F29: 2,04 13,82/1,18/5,74 | J29: 51
A30: 2 | B30: ТЕРм08-02-397-01 | C30: Профиль перфорированный монтажный длиной 2 м | D30: 100 м | E30: 0.25 | F30: 1392.25 | G30: 141.78 | H30: 242.87 | I30: 57.25 | J30: 348 | K30: 35 | L30: 61 | M30: 14 | N30: 10.7 | O30: 2.68 | P30: 3.61 | Q30: 0.9
A31: 3 | B31: П/л от 27.01.2015г. | C31: ВБбШнг(А)-ХЛ 3х2,5-0,66кВ ТУ 3500-076-21059747-2010 Формулы цены единицы: МАТ=103043/1,18/5,74 | D31: 1000 м | E31: 0,012 12/1000 | F31: 15213,34 103043/1,18/5,74 | J31: 183
A32: 4 | B32: ТЕРм08-02-400-01 | C32: Провод (кабель) по перфорированным профилям, сечением до 6 мм2 | D32: 100 м | E32: 0.12 | F32: 227 | G32: 62.28 | H32: 77.9 | I32: 34.54 | J32: 27 | K32: 7 | L32: 9 | M32: 4 | N32: 4.7 | O32: 0.56 | P32: 2.21 | Q32: 0.27
A33: 5 | B33: П/л от 28.01.2015г. | C33: ВС20-1-0-ГПБ выкл 1кл о/у IP54 (цвет клавиш: белый) ГЕРМЕС PLUS Формулы цены единицы: МАТ=130,46/1,18/5,74 | D33: шт | E33: 6 | F33: 19,26 130,46/1,18/5,74 | J33: 116
A34: 6 | B34: ТЕРм08-03-591-01 | C34: Выключатель одноклавишный неутопленного типа при открытой проводке | D34: 100 шт. | E34: 0.06 | F34: 758.17 | G34: 551.82 | H34: 27.07 | I34: 0.55 | J34: 45 | K34: 33 | L34: 2 | N34: 39.5 | O34: 2.37 | P34: 0.03
A35: 7 | B35: П/л от 28.01.2015г. | C35: ВС20-2-0-ГПБ выкл 2кл о/у IP54 (цвет клавиши:белый) ГЕРМЕС PLUS Формулы цены единицы: МАТ=143,94/1,18/5,74 | D35: шт | E35: 6 | F35: 21,25 143,94/1,18/5,74 | J35: 128
A36: 8 | B36: ТЕРм08-03-591-04 | C36: Выключатель двухклавишный неутопленного типа при открытой проводке | D36: 100 шт. | E36: 0.06 | F36: 801.67 | G36: 613.28 | H36: 29.99 | I36: 0.73 | J36: 48 | K36: 37 | L36: 2 | N36: 43.9 | O36: 2.63 | P36: 0.04
A37: 9 | B37: П/л от 02.01.2015г. | C37: Коробка ответвит. с кабельными вводами, IP44, 80х80х40мм 53700 Формулы цены единицы: МАТ=51,71/1,18/5,74 | D37: шт | E37: 1 | F37: 7,63 51,71/1,18/5,74 | J37: 8
A38: 10 | B38: ТЕРм08-03-545-05 | C38: Коробка с зажимами, устанавливаемая на конструкции на стене или колонне, для кабелей или проводов сечением до 10 мм2, с количеством зажимов до 4 | D38: 1 шт. | E38: 1 | F38: 137.5 | G38: 31.8 | H38: 2.36 | J38: 138 | K38: 32 | L38: 2 | N38: 2.4 | O38: 2.4
A39: 11 | B39: П/л от 02.01.2015г. | C39: Клемник Полиамид 6.6,12р,110°С,450V, 24A, 2,5мм.кв. Формулы цены единицы: МАТ=70,33/1,18/5,74 | D39: шт | E39: 1 | F39: 10,38 70,33/1,18/5,74 | J39: 10
A40: 12 | B40: П/л от 28.01.2015г. | C40: Розетка 134 стационарная 3Р+РЕ 63А 380В IP54 ИЭК PSR12-063-4 Формулы цены единицы: МАТ=972,82/1,18/5,74 | D40: шт | E40: 2 | F40: 143,63 972,82/1,18/5,74 | J40: 287
A41: 13 | B41: ТЕРм08-03-591-11 | C41: Розетка штепсельная трехполюсная | D41: 100 шт. | E41: 0,002 2/1000 | F41: 1829.4 | G41: 1025.4 | H41: 35.07 | I41: 2.18 | J41: 4 | K41: 2 | N41: 73.4 | O41: 0.15 | P41: 0.12
A42: 14 | B42: П/л от 28.01.2015г. | C42: Вилка 034 3Р+РЕ 63А 380В IP54 ИЭК PSR02-063-4 Формулы цены единицы: МАТ=631,15/1,18/5,74 | D42: шт | E42: 2 | F42: 93,18 631,15/1,18/5,74 | J42: 186
A43: 15 | B43: ТЕРм08-03-545-05 | C43: Монтаж: вилка 3Р+РЕ 63А 380В | D43: 1 шт. | E43: 2 | F43: 137.5 | G43: 31.8 | H43: 2.36 | J43: 275 | K43: 64 | L43: 5 | N43: 2.4 | O43: 4.8
A44: 16 | B44: ТЕР46-03-009-07 | C44: Пробивка в кирпичных стенах отверстий круглых диаметром до 50 мм при толщине стен до 38 см | D44: 100 шт. | E44: 0.22 | F44: 3944.42 | G44: 967.91 | H44: 2976.51 | I44: 329.74 | J44: 868 | K44: 213 | L44: 655 | M44: 73 | N44: 74.8 | O44: 16.46 | P44: 21.11 | Q44: 4.64
A45: 17 | B45: ТЕРм08-02-374-01 | C45: Устройство ввода в стальной трубе, провод сечением до 16 мм2, количество проводов в линии 2 63,16 = 499,66 - 0,01 x 172,79 - 2,79 x 155,83 | D45: 1 шт. | E45: 22 | F45: 63.16 | G45: 47.48 | H45: 1.19 | J45: 1390 | K45: 1045 | L45: 26 | N45: 3.21 | O45: 70.62 | P45: 2.8 | Q45: 61.6
A46: 18 | B46: ТСЦ-103-0004 | C46: Трубы стальные сварные водогазопроводные с резьбой черные легкие (неоцинкованные) диаметр условного прохода 32 мм, толщина стенки 2,8 мм | D46: м | E46: 5 | F46: 26.35 | J46: 132
A47: 19 | B47: ТЕРм08-02-155-01 | C47: Герметизация проходов при вводе кабелей в помещения огнестойкой пеной DF1201 DKC (МАТ=0 к расх.) | D47: 1 проход кабеля | E47: 22 | F47: 6.37 | G47: 6.37 | J47: 140 | K47: 140 | N47: 0.47 | O47: 10.34
A48: 20 | B48: П/л от 02.01.2015г. | C48: Пена монтажная огнестойкая в баллончике DF1201 DKC Формулы цены единицы: МАТ=1893,48/1,18/5,74 | D48: шт. | E48: 3 | F48: 279,55 1893,48/1,18/5,74 | J48: 839
A49: Итого по разделу 1 Силовые и осветительные сети | J49: 9601 | O49: 146.8 | Q49: 89.38
A50: Раздел 2. Подключение вентсистем П2, В8, В9 и блоков БУОК-4 к сети 380/220В
A51: Щит распределительный ЩР-1
A52: 21 | B52: ТЕРм08-03-573-04 | C52: Шкаф (пульт) управления навесной, высота, ширина и глубина до 600х600х350 мм | D52: 1 шт. | E52: 1 | F52: 99.26 | G52: 33.11 | H52: 62.05 | I52: 4.71 | J52: 99 | K52: 33 | L52: 62 | M52: 5 | N52: 2.37 | O52: 2.37 | P52: 0.29 | Q52: 0.29
A53: 22 | B53: П/л от 28.01.2015г. | C53: КМПн 2/7 - ИЭК IP 55 корпус пластиковый навесной для 7 модульных автомат. выкл. MKP72-N-07-55 Формулы цены единицы: МАТ=524,10/1,18/5,74 | D53: шт | E53: 1 | F53: 77,38 524,10/1,18/5,74 | J53: 77
A54: 23 О | B54: П/л от 28.01.2015г. | C54: Авт. выкл. ВА47-29 1Р 6А 4,5кА х-ка С ИЭК Формулы цены единицы: ПЗ=58,86/1,18/3,76 | D54: шт | E54: 1 | F54: 13,27 58,86/1,18/3,76 | J54: 13
A55: 24 О | B55: П/л от 28.01.2015г. | C55: Авт. выкл. ВА47-29 1Р 4А 4,5кА х-ка С ИЭК Формулы цены единицы: ПЗ=74/1,18/3,76 | D55: шт | E55: 5 | F55: 16,68 74/1,18/3,76 | J55: 83
A56: 25 | B56: ТЕРм08-03-526-01 | C56: Автомат одно-, двух-, трехполюсный, устанавливаемый на конструкции, на ток до 25 А | D56: 1 шт. | E56: 6 | F56: 174.77 | G56: 20.9 | H56: 1.28 | J56: 1049 | K56: 125 | L56: 8 | N56: 1.56 | O56: 9.36
A57: Подключение вентсистем
A58: 26 | B58: П/л от 02.01.2015г. | C58: Коробка ответвит. с кабельными вводами, IP55, 190х140х70мм 54100 Формулы цены единицы: МАТ=392,49/1,18/5,74 | D58: шт | E58: 1 | F58: 57,95 392,49/1,18/5,74 | J58: 58
A59: 27 | B59: ТЕРм08-03-545-05 | C59: Коробка с зажимами, устанавливаемая на конструкции на стене или колонне, для кабелей или проводов сечением до 10 мм2, с количеством зажимов до 4 | D59: 1 шт. | E59: 1 | F59: 137.5 | G59: 31.8 | H59: 2.36 | J59: 138 | K59: 32 | L59: 2 | N59: 2.4 | O59: 2.4
A60: 28 | B60: П/л от 02.01.2015г. | C60: Блок распределительный на DIN рейку 4р 100А, 5х6мм 2х7,5мм. BD10074 Формулы цены единицы: МАТ=858,59/1,18/5,74 | D60: шт | E60: 1 | F60: 126,76 858,59/1,18/5,74 | J60: 127
A61: 29 | B61: ТЕРм08-03-573-04 | C61: Шкаф (пульт) управления навесной, высота, ширина и глубина до 600х600х350 мм | D61: 1 шт. | E61: 1 | F61: 99.26 | G61: 33.11 | H61: 62.05 | I61: 4.71 | J61: 99 | K61: 33 | L61: 62 | M61: 5 | N61: 2.37 | O61: 2.37 | P61: 0.29 | Q61: 0.29
A62: 30 | B62: П/л от 02.01.2015г. | C62: Лента монтажная перфорированная, 17х0,6 СМ 610040 Формулы цены единицы: МАТ=13,82/1,18/5,74 | D62: м | E62: 75 25*3 | F62: 2,04 13,82/1,18/5,74 | J62: 153
A63: 31 | B63: ТЕРм08-02-397-01 | C63: Профиль перфорированный монтажный длиной 2 м | D63: 100 м | E63: 0,75 0,25*3 | F63: 1392.25 | G63: 141.78 | H63: 242.87 | I63: 57.25 | J63: 1044 | K63: 106 | L63: 182 | M63: 43 | N63: 10.7 | O63: 8.03 | P63: 3.61 | Q63: 2.71
A64: 32 | B64: ТЕРм08-02-400-01 | C64: Провод (кабель) по перфорированным профилям, сечением до 6 мм2 | D64: 100 м | E64: 0.75 | F64: 227 | G64: 62.28 | H64: 77.9 | I64: 34.54 | J64: 170 | K64: 47 | L64: 58 | M64: 26 | N64: 4.7 | O64: 3.53 | P64: 2.21 | Q64: 1.66
A65: 33 | B65: П/л от 27.01.2015г. | C65: Кабель силовой с медными жилами с поливинилхлоридной изоляцией в поливинилхлоридной оболочке без защитного покрова ВВГнг, напряжением 0,66 Кв, число жил 3 и сечением 2,5 мм2 Формулы цены единицы: МАТ=96485/1,18/5,74 | D65: 1000 м | E65: 0,005 5/1000 | F65: 14245,11 96485/1,18/5,74 | J65: 71
A66: 34 | B66: П/л от 27.01.2015г. | C66: Кабель силовой с медными жилами с поливинилхлоридной изоляцией в поливинилхлоридной оболочке без защитного покрова ВВГнг, напряжением 0,66 Кв, число жил 3 и сечением 1,5 мм2 Формулы цены единицы: МАТ=72113/1,18/5,74 | D66: 1000 м | E66: 0,17 170/1000 | F66: 10646,81 72113/1,18/5,74 | J66: 1810
A67: 35 | B67: П/л от 27.01.2015г. | C67: Кабель силовой с медными жилами с поливинилхлоридной изоляцией в поливинилхлоридной оболочке без защитного покрова ВВГнг, напряжением 0,66 Кв, число жил 5 и сечением 2,5 мм2 Формулы цены единицы: МАТ=141608/1,18/5,74 | D67: 1000 м | E67: 0,045 45/1000 | F67: 20907,1 141608/1,18/5,74 | J67: 941
A68: 36 | B68: ТЕРм08-02-148-01 | C68: Кабель до 35 кВ в проложенных трубах, блоках и коробах, масса 1 м кабеля до 1 кг | D68: 100 м кабеля | E68: 1,35 (5+170+45-75-10)/100 | F68: 798.84 | G68: 168.02 | H68: 544.81 | I68: 57.87 | J68: 1078 | K68: 227 | L68: 735 | M68: 78 | N68: 12.4 | O68: 16.74 | P68: 3.39 | Q68: 4.58
A69: 37 | B69: ТЕРм08-02-412-02 | C69: Затягивание провода в проложенные трубы и металлические рукава первого одножильного или многожильного в общей оплетке, суммарное сечение до 6 мм2 | D69: 100 м | E69: 0,1 10/100 | F69: 676.59 | G69: 89.31 | H69: 5.85 | I69: 0.36 | J69: 68 | K69: 9 | L69: 1 | N69: 6.74 | O69: 0.67 | P69: 0.02
A70: 38 | B70: П/л от 28.01.2015г. | C70: Металлорукав Р3-ЦП-15 ИЭК Формулы цены единицы: МАТ=29,88/1,18/5,74 | D70: м | E70: 10 | F70: 4,41 29,88/1,18/5,74 | J70: 44
A71: 39 | B71: ТЕРм08-02-411-01 | C71: Рукав металлический наружным диаметром до 48 мм | D71: 100 м | E71: 0.1 | F71: 3947.41 | G71: 459.78 | H71: 240.22 | I71: 4 | J71: 395 | K71: 46 | L71: 24 | N71: 34.7 | O71: 3.47 | P71: 0.22 | Q71: 0.02
A72: 40 | B72: П/л от 19.03.2015г. | C72: Блок управления огнезадерж.клапанами БУОК-4 СВТ1163.41-210 Формулы цены единицы: МАТ=5459/1,18/5,74 | D72: шт | E72: 8 | F72: 805,97 5459/1,18/5,74 | J72: 6448
A73: 41 | B73: ТЕРм08-03-573-04 | C73: Шкаф (пульт) управления навесной, высота, ширина и глубина до 600х600х350 мм | D73: 1 шт. | E73: 8 | F73: 99.26 | G73: 33.11 | H73: 62.05 | I73: 4.71 | J73: 794 | K73: 265 | L73: 496 | M73: 38 | N73: 2.37 | O73: 18.96 | P73: 0.29 | Q73: 2.32
A74: Шкаф ДКС, в комплекте:
A75: 42 | B75: ТЕРм08-03-573-04 | C75: Шкаф (пульт) управления навесной, высота, ширина и глубина до 600х600х350 мм | D75: 1 шт. | E75: 8 | F75: 99.26 | G75: 33.11 | H75: 62.05 | I75: 4.71 | J75: 794 | K75: 265 | L75: 496 | M75: 38 | N75: 2.37 | O75: 18.96 | P75: 0.29 | Q75: 2.32
A76: 43 | B76: П/л от 02.01.2015г. | C76: Навесной шкаф CE, с прозрачной дверью, 400 x 300 x 200мм, IP55 R5CEX0432 Формулы цены единицы: МАТ=4958,72/1,18/5,74 | D76: шт | E76: 8 | F76: 732,11 4958,72/1,18/5,74 | J76: 5857
A77: 44 | B77: П/л от 02.01.2015г. | C77: Кронштейны для настенного крепления, для CE/CDE, 1 упаковка - 4шт. R5A50 Формулы цены единицы: МАТ=541,61/1,18/5,74 | D77: комп | E77: 8 | F77: 79,96 541,61/1,18/5,74 | J77: 640
A78: 45 | B78: П/л от 02.01.2015г. | C78: Кабельный ввод, пластик V0 UL94, IP65, +130 - 40, 25 отверстий R5HTC25 Формулы цены единицы: МАТ=1293,15/1,18/5,74 | D78: шт | E78: 8 | F78: 190,92 1293,15/1,18/5,74 | J78: 1527
A79: Итого по разделу 2 Подключение вентсистем П2, В8, В9 и блоков БУОК-4 к сети 380/220В | J79: 28381 | O79: 117.26 | Q79: 19.16
A80: Раздел 3. Подача управляющего сигнала на блоки БУОК
A81: 46 | B81: П/л от 19.03.2015г. | C81: Адресный релейный блок С2000-СП2 Формулы цены единицы: МАТ=1133/1,18/5,74 | D81: шт | E81: 1 | F81: 167,28 1133/1,18/5,74 | J81: 167
A82: 47 | B82: ТЕРм10-08-001-10 прим. | C82: Монтаж: адресный релейный блок С2000-СП2 | D82: 1 шт. | E82: 1 | F82: 163.45 | G82: 153.67 | H82: 0.37 | J82: 163 | K82: 154 | N82: 11 | O82: 11
A83: 48 | B83: П/л от 02.01.2015г. | C83: Блок распределительный на DIN рейку 2р 125А, 7х6мм 2х7,5мм 2x9мм. BD125112 Формулы цены единицы: МАТ=988,32/1,18/5,74 | D83: шт | E83: 1 | F83: 145,92 988,32/1,18/5,74 | J83: 146
A84: 49 | B84: ТЕРм11-03-001-01 | C84: Приборы, устанавливаемые на металлоконструкциях, щитах и пультах, масса до 5 кг | D84: 1 шт. | E84: 1 | F84: 8.41 | G84: 7.26 | J84: 8 | K84: 7 | N84: 0.52 | O84: 0.52
A85: 50 | B85: П/л от 02.01.2015г. | C85: Коробка ответвит. с кабельными вводами, IP55, 190х140х70мм 54100 Формулы цены единицы: МАТ=392,49/1,18/5,74 | D85: шт | E85: 2 | F85: 57,95 392,49/1,18/5,74 | J85: 116
A86: 51 | B86: ТЕРм08-03-545-05 | C86: Коробка с зажимами, устанавливаемая на конструкции на стене или колонне, для кабелей или проводов сечением до 10 мм2, с количеством зажимов до 4 | D86: 1 шт. | E86: 2 | F86: 137.5 | G86: 31.8 | H86: 2.36 | J86: 275 | K86: 64 | L86: 5 | N86: 2.4 | O86: 4.8
A87: 52 | B87: П/л от 15.01.2015г. | C87: Кабель огнестойкий КПСЭнг(А)-FRLS 1х2х0,75 Формулы цены единицы: МАТ=25000/1,18/5,74 | D87: 1000 м | E87: 0,015 15/1000 | F87: 3691,02 25000/1,18/5,74 | J87: 55
A88: 53 | B88: П/л от 15.01.2015г. | C88: Кабель огнестойкий КПСЭнг(А)-FRLS 1х2х1,0 Формулы цены единицы: МАТ=30977/1,18/5,74 | D88: 1000 м | E88: 0,05 50/1000 | F88: 4573,47 30977/1,18/5,74 | J88: 229
A89: 54 | B89: ТЕРм08-02-399-01 | C89: Провод в коробах, сечением до 6 мм2 | D89: 100 м | E89: 0,65 (15+50)/100 | F89: 189.23 | G89: 46.64 | H89: 56.09 | I89: 24.55 | J89: 123 | K89: 30 | L89: 36 | M89: 16 | N89: 3.52 | O89: 2.29 | P89: 1.57 | Q89: 1.02
A90: 55 | B90: ФЕРм08-02-390-01 | C90: Короба пластмассовые: шириной до 40 мм (Приведение расценок ФЕР к территориальному уровню (Письмо УРЦЦС Ц-297 от 12.04.2011) ОЗП=1,41; ЭМ=1,242; ЗПМ=1,41; МАТ=1,052) | D90: 100 м | E90: 0,29 (25+4)/100 | F90: 311.4 | G90: 218.44 | H90: 38.75 | I90: 0.17 | J90: 90 | K90: 63 | L90: 11 | N90: 16.29 | O90: 4.72 | P90: 0.01
A91: 56 | B91: П/л от 28.01.2015г. | C91: Кабель-канал 16х16 "ЭЛЕКОР" CKK10-016-016-1-K01 Формулы цены единицы: МАТ=12,45/1,18/5,74 | D91: м | E91: 25 | F91: 1,84 12,45/1,18/5,74 | J91: 46
A92: 57 | B92: П/л от 28.01.2015г. | C92: Кабель-канал 40х40 "ЭЛЕКОР" CKK10-040-040-1-K01-024 Формулы цены единицы: МАТ=44,93/1,18/5,74 | D92: м | E92: 4 | F92: 6,63 44,93/1,18/5,74 | J92: 27
A93: Итого по разделу 3 Подача управляющего сигнала на блоки БУОК | J93: 2320 | O93: 31.49 | Q93: 1.38
A94: Раздел 4. Вентсистема П-2. Межблочные кабельные соединения.
A95: 58 | B95: П/л от 27.01.2015г. | C95: Кабель силовой с медными жилами с поливинилхлоридной изоляцией в поливинилхлоридной оболочке без защитного покрова ВВГнг, напряжением 0,66 Кв, число жил 4 и сечением 2,5 мм2 Формулы цены единицы: МАТ=118526/1,18/5,74 | D95: 1000 м | E95: 0,025 25/1000 | F95: 17499,26 118526/1,18/5,74 | J95: 437
A96: 59 | B96: П/л от 27.01.2015г. | C96: ВВГЭнг(А)-FRLS 4х2,5ок(N)-1кВ лент.экр ТУ 16.К71-337-2004 (ГОСТ 31996-2012) Формулы цены единицы: МАТ=248789/1,18/5,74 | D96: 1000 м | E96: 0,02 20/1000 | F96: 36731,38 248789/1,18/5,74 | J96: 735
A97: 60 | B97: П/л от 27.01.2015г. | C97: Кабель силовой с медными жилами с поливинилхлоридной изоляцией в поливинилхлоридной оболочке без защитного покрова ВВГнг, напряжением 0,66 Кв, число жил 3 и сечением 2,5 мм2 Формулы цены единицы: МАТ=96485/1,18/5,74 | D97: 1000 м | E97: 0,045 45/1000 | F97: 14245,11 96485/1,18/5,74 | J97: 641
A98: 61 | B98: П/л от 27.01.2015г. | C98: Кабель силовой с медными жилами с поливинилхлоридной изоляцией в поливинилхлоридной оболочке без защитного покрова ВВГнг, напряжением 0,66 Кв, число жил 5 и сечением 1,5 мм2 Формулы цены единицы: МАТ=102747/1,18/5,74 | D98: 1000 м | E98: 0,03 30/1000 | F98: 15169,64 102747/1,18/5,74 | J98: 455
A99: 62 | B99: П/л от 27.01.2015г. | C99: Кабель силовой с медными жилами с поливинилхлоридной изоляцией в поливинилхлоридной оболочке без защитного покрова ВВГнг, напряжением 0,66 Кв, число жил 2 и сечением 1,5 мм2 Формулы цены единицы: МАТ=59550/1,18/5,74 | D99: 1000 м | E99: 0,04 40/1000 | F99: 8792 59550/1,18/5,74 | J99: 352
A100: 63 | B100: П/л от 27.01.2015г. | C100: Кабель ШНВПЭнг(С)-LS 1х2х(7х0,2) 3 кат. 200В ТУ 16.К01-59-2007 Формулы цены единицы: МАТ=11961/1,18/5,74 | D100: 1000 м | E100: 0,02 20/1000 | F100: 1765,93 11961/1,18/5,74 | J100: 35
A101: 64 | B101: П/л от 15.01.2015г. | C101: Кабель огнестойкий КПСЭнг(А)-FRLS 1х2х1,0 Формулы цены единицы: МАТ=30977/1,18/5,74 | D101: 1000 м | E101: 0,01 10/1000 | F101: 4573,47 30977/1,18/5,74 | J101: 46
A102: 65 | B102: П/л от 02.01.2015г. | C102: Лента монтажная перфорированная, 17х0,6 СМ 610040 Формулы цены единицы: МАТ=13,82/1,18/5,74 | D102: м | E102: 25 | F102: 2,04 13,82/1,18/5,74 | J102: 51
A103: 66 | B103: ТЕРм08-02-397-01 | C103: Профиль перфорированный монтажный длиной 2 м | D103: 100 м | E103: 0.25 | F103: 1392.25 | G103: 141.78 | H103: 242.87 | I103: 57.25 | J103: 348 | K103: 35 | L103: 61 | M103: 14 | N103: 10.7 | O103: 2.68 | P103: 3.61 | Q103: 0.9
...

Sheet 25774
A1: СОГЛАСОВАНО: | E1: ФГУП "Комбинат "Электрохимприбор" | M1: УТВЕРЖДАЮ:
G2: (наименование стройки) | M2: Зам. генерального директора
A3: _____________________________ | M3: Е.В.Гордеев
A4: " _____ " ________________ 2015г. | G4: ЛОКАЛЬНЫЙ СМЕТНЫЙ РАСЧЕТ №25774
G5: (локальная смета) | M5: "______ " __________2015 г.
C7: на | D7: Реконструкцию. Площадка 2 Здание 234 Г (инв.№ 7401055) Раздел: Вентиляция
H8: (наименование работ и затрат, наименование объекта)
D10: Основание: Проект № 25026-14-ОВ
D11: Сметная стоимость _______________________________________________________________________________________________ | J11: ___________________________390,775 | L11: тыс. руб.
D12: строительных работ _______________________________________________________________________________________________ | J12: _______________________________________________________________________________________________215,937 | L12: тыс. руб.
D13: монтажных работ _______________________________________________________________________________________________ | J13: _______________________________________________________________________________________________1,216 | L13: тыс. руб.
D14: оборудования _______________________________________________________________________________________________ | J14: _______________________________________________________________________________________________173,622 | L14: тыс. руб.
D15: Средства на оплату труда _______________________________________________________________________________________________ | J15: ___________________________19,865 | L15: тыс. руб.
D16: Сметная трудоемкость _______________________________________________________________________________________________ | J16: _______________________________________________________________________________________________1428,1 | L16: чел.час
D17: Материалы ___________________________________________________________ | J17: =K303/1000 -> 151.917 | L17: тыс.руб.
D18: Составлен(а) в базовых ценах 2001г. в редакции 2009г.
A20: № пп | B20: Обосно- вание | C20: Наименование | D20: Ед. изм. | E20: Кол. | F20: Стоимость единицы, руб. | J20: Общая стоимость, руб. | O20: Т/з осн. раб.на ед. | P20: Т/з осн. раб. Всего | Q20: Общая масса обору-дования, т
F21: Всего | G21: В том числе | J21: Обору- дование | K21: Всего | L21: В том числе
G22: Осн.З/п | H22: Эк.Маш | I22: З/пМех | L22: Осн.З/п | M22: Эк.Маш | N22: З/пМех
A23: 1 | B23: 2 | C23: 3 | D23: 4 | E23: 5 | F23: 6 | G23: 7 | H23: 8 | I23: 9 | J23: 10 | K23: 11 | L23: 12 | M23: 13 | N23: 14 | O23: 15 | P23: 16 | Q23: 17
A24: Раздел 1. Разборка.
A25: 1 | B25: ТЕРр65-32-1 | C25: Демонтаж центробежных вентиляторов весом до 0,05 т | D25: 100 шт. | E25: 0.01 | F25: 4162.87 | G25: 4132.64 | H25: 30.23 | I25: 11.72 | K25: 42 | L25: 42 | O25: 344.1 | P25: 3.44
A26: 2 | B26: ТЕР20-02-002-01 прим. | C26: Разборка решеток площадью в свету до 0,5 м2 (Разборка ОЗП=0,4; ЭМ=0,4 к расх.; ЗПМ=0,4; МАТ=0 к расх.; ТЗ=0,4; ТЗМ=0,4) | D26: 1 решетка | E26: 7 | F26: 8.55 | G26: 7.38 | H26: 1.17 | K26: 60 | L26: 52 | M26: 8 | O26: 0.584 | P26: 4.09
A27: 3 | B27: ТЕР20-02-002-01 прим. | C27: Разборка диффузора (Разборка ОЗП=0,4; ЭМ=0,4 к расх.; ЗПМ=0,4; МАТ=0 к расх.; ТЗ=0,4; ТЗМ=0,4) | D27: 1 решетка | E27: 3 | F27: 8.55 | G27: 7.38 | H27: 1.17 | K27: 26 | L27: 22 | M27: 4 | O27: 0.584 | P27: 1.75
A28: 4 | B28: ТЕР20-02-011-01 | C28: Установка зонтов над оборудованием (Разборка ОЗП=0,4; ЭМ=0,4 к расх.; ЗПМ=0,4; МАТ=0 к расх.; ТЗ=0,4; ТЗМ=0,4) | D28: 1 м2 поверхности зонта | E28: 0.795 | F28: 7.29 | G28: 5.3 | H28: 1.99 | K28: 6 | L28: 4 | M28: 2 | O28: 0.4 | P28: 0.32
A29: 5 | B29: ТЕРр65-30-6 | C29: Разборка воздуховодов из листовой стали толщиной 1-2 мм диаметром/периметром до 165 мм /540 мм (в том числе заглушки) | D29: 100 м2 | E29: 0.14 | F29: 797.67 | G29: 767.44 | H29: 30.23 | I29: 11.72 | K29: 112 | L29: 108 | M29: 4 | N29: 2 | O29: 63.9 | P29: 8.95
A30: 6 | B30: ТЕРр65-30-7 | C30: Разборка воздуховодов из листовой стали толщиной 1-2 мм диаметром/периметром до 320 мм /1000 мм | D30: 100 м2 | E30: 0.362 | F30: 607.91 | G30: 577.68 | H30: 30.23 | I30: 11.72 | K30: 220 | L30: 209 | M30: 11 | N30: 4 | O30: 48.1 | P30: 17.41
A31: 7 | B31: ТЕРр65-30-1 | C31: Разборка воздуховодов из листовой стали толщиной до 0,9 мм диаметром/периметром до 165 мм /540 мм | D31: 100 м2 | E31: 0.125 | F31: 604.31 | G31: 574.08 | H31: 30.23 | I31: 11.72 | K31: 76 | L31: 72 | M31: 4 | N31: 1 | O31: 47.8 | P31: 5.98
A32: 8 | B32: ТЕРр65-30-2 | C32: Разборка воздуховодов из листовой стали толщиной до 0,9 мм диаметром/периметром до 320 мм /1000 мм | D32: 100 м2 | E32: 0.146 | F32: 509.43 | G32: 479.2 | H32: 30.23 | I32: 11.72 | K32: 74 | L32: 70 | M32: 4 | N32: 2 | O32: 39.9 | P32: 5.83
A33: 9 | B33: ТЕРр65-30-3 | C33: Разборка воздуховодов из листовой стали толщиной до 0,9 мм диаметром/периметром до 495 мм /1550 мм | D33: 100 м2 | E33: 0.224 | F33: 415.75 | G33: 385.52 | H33: 30.23 | I33: 11.72 | K33: 93 | L33: 86 | M33: 7 | N33: 3 | O33: 32.1 | P33: 7.19
A34: 10 | B34: ТЕРр65-30-4 | C34: Разборка воздуховодов из листовой стали толщиной до 0,9 мм диаметром/периметром до 660 мм /2070 мм | D34: 100 м2 | E34: 0.214 | F34: 326.88 | G34: 296.65 | H34: 30.23 | I34: 11.72 | K34: 70 | L34: 64 | M34: 6 | N34: 3 | O34: 24.7 | P34: 5.29
A35: 11 | B35: ТЕРр66-24-2 | C35: Разборка тепловой изоляции из ваты минеральной | D35: 100 м2 | E35: 0.004 | F35: 223.66 | G35: 223.66 | K35: 1 | L35: 1 | O35: 19.1 | P35: 0.08
A36: 12 | B36: ФССЦпг01-01-01-041 | C36: Погрузочные работы при автомобильных перевозках: Мусор строительный с погрузкой вручную (п.1.1.9 ОП Прил.1. Поясной коэффициент: Свердловская область ПЗ=1,1 (ОЗП=1,1; ЭМ=1,1; ЗПМ=1,1; МАТ=1,1)) | D36: 1 т груза | E36: 0.98 | F36: 47.28 | G36: 47.28 | K36: 46 | L36: 46
A37: 13 | B37: ФССЦпг03-21-01-040 | C37: Перевозка грузов автомобилями-самосвалами грузоподъемностью 10 т, работающих вне карьера, на расстояние: до 40 км I класс груза (15 Поясные коэффициенты к сметным ценам на перевозку грузов автомобильным транспортом: Свердловская область ПЗ=1,1 (ОЗП=1,1; ЭМ=1,1; ЗПМ=1,1; МАТ=1,1)) | D37: 1 т груза | E37: 0.98 | F37: 25.55 | H37: 25.55 | K37: 25 | M37: 25
A38: Итого по разделу 1 Разборка. | K38: 2234 | P38: 68.45
A39: Раздел 2. Система П-1
A40: 14 | B40: ТЕР20-01-005-02 прим. | C40: Прокладка воздуховодов из листовой стали толщиной 2 мм, диаметром до 250 мм | D40: 100 м2 | E40: 0.268 | F40: 8108.18 | G40: 3802.99 | H40: 2446.66 | I40: 270.21 | K40: 2173 | L40: 1019 | M40: 656 | N40: 72 | O40: 276.38 | P40: 74.07
A41: 15 | B41: ТСЦ-301-1809 прим. | C41: Воздуховоды из листовой оцинкованной стали толщиной 2,0 мм, диаметром до 250 мм | D41: м2 | E41: 26.8 | F41: 505.1 | K41: 13537
A42: 16 | B42: ТЕР20-01-005-09 прим. | C42: Прокладка воздуховодов из листовой стали толщиной 2 мм | D42: 100 м2 | E42: 0.305 | F42: 3427.49 | G42: 1334.58 | H42: 1127.39 | I42: 137.65 | K42: 1045 | L42: 407 | M42: 344 | N42: 42 | O42: 96.99 | P42: 29.58
A43: 17 | B43: ТСЦ-301-1814 прим. | C43: Воздуховоды из листовой оцинкованной стали толщиной 2,0 мм | D43: м2 | E43: 30.45 | F43: 409.01 | K43: 12454
A44: 18 | B44: ТЕР20-01-002-15 прим. | C44: Прокладка воздуховодов из листовой оцинкованной стали и алюминия класса П (плотные) толщиной 1,0 мм, периметром до 4500 мм | D44: 100 м2 | E44: 0.135 | F44: 1654.06 | G44: 838.01 | H44: 120.16 | I44: 5.28 | K44: 223 | L44: 113 | M44: 16 | N44: 1 | O44: 68.02 | P44: 9.18
A45: 19 | B45: ТСЦ-301-1820 прим. | C45: Воздуховоды из оцинкованной стали толщиной 1,0 мм | D45: м2 | E45: 13.5 | F45: 275 | K45: 3713
A46: 20 | B46: ТСЦ-301-0475 | C46: Крепления для воздуховодов подвески СТД6208, СТД6209, СТД6210 | D46: т | E46: 0.03 | F46: 8739.36 | K46: 262
A47: 21 | B47: ТЕР13-03-002-04 | C47: Огрунтовка металлических поверхностей за один раз грунтовкой ГФ-021 (крепления) | D47: 100 м2 | E47: 0.008 | F47: 417.46 | G47: 79.65 | H47: 10.15 | I47: 0.16 | K47: 3 | L47: 1 | O47: 5.31 | P47: 0.04
A48: 22 | B48: ТЕР13-03-004-23 | C48: Окраска металлических огрунтованных поверхностей краской БТ-177 (крепления) (За 2 раза. ПЗ=2 (ОЗП=2; ЭМ=2 к расх.; ЗПМ=2; МАТ=2 к расх.; ТЗ=2; ТЗМ=2)) | D48: 100 м2 | E48: 0.008 | F48: 777.58 | G48: 73.62 | H48: 26.6 | I48: 0.32 | K48: 6 | L48: 1 | O48: 5.76 | P48: 0.05
A49: 23 | B49: ТЕР20-02-006-01 | C49: Установка клапанов воздушных с электрическим приводом диаметром до 250 мм | D49: 1 шт. | E49: 10 | F49: 39.9 | G49: 20.59 | H49: 2.09 | K49: 399 | L49: 206 | M49: 21 | O49: 1.63 | P49: 16.3
A50: 24 | B50: Прайс лист от 24.03.15 (стр. 1) | C50: Стоимость: Клапан противопожарный КЛОП-2 ф100, фланцевый, привод электромеханический Belimo (Цена:16150,00:1,18:5,74*1,02) | D50: компл | E50: 1 | F50: 2432,09 16150,00/1,18/5,74*1,02 | K50: 2432
A51: 25 | B51: Прайс лист от 24.03.15 (стр. 1) | C51: Стоимость: Клапан противопожарный КЛОП-2 ф125, фланцевый, привод электромеханический Belimo (Цена:16150,00:1,18:5,74*1,02) | D51: компл | E51: 3 | F51: 2432,09 16150,00/1,18/5,74*1,02 | K51: 7296
A52: 26 | B52: Прайс лист от 24.03.15 (стр. 1) | C52: Стоимость: Клапан противопожарный КЛОП-1 ф160, фланцевый, привод электромеханический Belimo (Цена:16150,00:1,18:5,74*1,02) | D52: компл | E52: 5 | F52: 2432,09 16150,00/1,18/5,74*1,02 | K52: 12160
A53: 27 | B53: Прайс лист от 24.03.15 (стр. 1) | C53: Стоимость: Клапан противопожарный КЛОП-1 ф250, фланцевый, привод электромеханический Belimo (Цена:16490,00:1,18:5,74*1,02) | D53: компл | E53: 1 | F53: 2483,29 16490,00/1,18/5,74*1,02 | K53: 2483
A54: 28 | B54: ТЕР20-02-006-07 | C54: Установка клапанов с электрическим приводом периметром до 1600 мм | D54: 1 шт. | E54: 4 | F54: 38.44 | G54: 23.24 | H54: 2.24 | K54: 154 | L54: 93 | M54: 9 | O54: 1.84 | P54: 7.36
A55: 29 | B55: Прайс лист от 24.03.15 (стр. 1) | C55: Стоимость: Клапан противопожарный КЛОП-1 400х250h, фланцевый, привод электромеханический Belimo (Цена:17510,00:1,18:5,74*1,02) | D55: компл | E55: 1 | F55: 2636,89 17510,00/1,18/5,74*1,02 | K55: 2637
A56: 30 | B56: Прайс лист от 24.03.15 (стр. 1) | C56: Стоимость: Клапан противопожарный КЛОП-1 500х250h, фланцевый, привод электромеханический Belimo (Цена:19550,00:1,18:5,74*1,02) | D56: компл | E56: 2 | F56: 2944,1 19550,00/1,18/5,74*1,02 | K56: 5888
A57: 31 | B57: Прайс лист от 24.03.15 (стр. 1) | C57: Стоимость: Клапан противопожарный КЛОП-1 500х300h, фланцевый, привод электромеханический Belimo (Цена:19550,00:1,18:5,74*1,02) | D57: компл | E57: 1 | F57: 2944,1 19550,00/1,18/5,74*1,02 | K57: 2944
A58: 32 | B58: ТЕР20-02-005-01 | C58: Установка заслонок воздушных и клапанов воздушных КВР с ручным приводом диаметром до 250 мм | D58: 1 шт. | E58: 4 | F58: 34.49 | G58: 15.41 | H58: 1.86 | K58: 138 | L58: 62 | M58: 7 | O58: 1.22 | P58: 4.88
A59: 33 | B59: Прайс лист от 20.03.15 (стр. 2) | C59: Заслонка РК-300 ф140 (Цена:1217,76:1,18:5,74*1,02) | D59: шт | E59: 1 | F59: 183,39 1217,76/1,18/5,74*1,02 | K59: 183
A60: 34 | B60: Прайс лист от 20.03.15 (стр. 2) | C60: Заслонка РК-300 ф160 (Цена:1204,92:1,18:5,74*1,02) | D60: шт | E60: 2 | F60: 181,45 1204,92/1,18/5,74*1,02 | K60: 363
A61: 35 | B61: Прайс лист от 20.03.15 (стр. 2) | C61: Заслонка РК-300 ф250 (Цена:1480,91:1,18:5,74*1,02) | D61: шт | E61: 1 | F61: 223,02 1480,91/1,18/5,74*1,02 | K61: 223
A62: 36 | B62: ТЕР20-02-002-01 прим. | C62: Установка диффузора | D62: 1 решетка | E62: 8 | F62: 24.67 | G62: 18.44 | H62: 2.94 | K62: 197 | L62: 148 | M62: 24 | O62: 1.46 | P62: 11.68
A63: 37 | B63: Прайс лист от 20.03.15 (стр. 3) | C63: Диффузор ДПУ-К 125 (Цена:290,00:1,18:5,74*1,02) | D63: шт | E63: 1 | F63: 43,67 290,00/1,18/5,74*1,02 | K63: 44
A64: 38 | B64: Прайс лист от 20.03.15 (стр. 3) | C64: Диффузор ДПУ-К 160 (Цена:354,00:1,18:5,74*1,02) | D64: шт | E64: 5 | F64: 53,31 354,00/1,18/5,74*1,02 | K64: 267
A65: 39 | B65: Прайс лист от 20.03.15 (стр. 3) | C65: Диффузор ДПУ-К 200 (Цена:415,00:1,18:5,74*1,02) | D65: шт | E65: 2 | F65: 62,5 415,00/1,18/5,74*1,02 | K65: 125
A66: 40 | B66: ТЕР26-01-054-03 прим. | C66: Оклеивание поверхности воздуховодов матами прошивными из базальтового холста в обкладке фольгой с одной стороны МБОР-10ф 985,04 = 3 516,32 - 0,024 x 16 220,00 - 0,12 x 17 850,00 | D66: 100 м2 | E66: 0.14 | F66: 985.04 | G66: 535.48 | H66: 35.85 | K66: 138 | L66: 75 | M66: 5 | O66: 44 | P66: 6.16
A67: Уд | B67: 1. 101-1838 | C67: Клей ПВА | D67: т | E67: 0,024 0,0034 | F67: 16220 | K67: 55.15
A68: Уд | B68: 2. 104-0088 | C68: Ткань стеклянная конструкционная марки Т-10, Т-10п | D68: 1000 м2 | E68: 0,12 0,0168 | F68: 17850 | K68: 299.88
A69: 41 | B69: Прайс лист от 09.02.15 (стр. 4) | C69: Стоимость матов прошивных из базальтового холста в обкладке фольгой с одной стороны МБОР-10ф (Цена:302,40:1,18:5,74*1,02) | D69: м2 | E69: 14 | F69: 45,54 302,40/1,18/5,74*1,02 | K69: 638
A70: 42 | B70: Прайс лист от 26.03.15 (стр. 5) | C70: Стоимость клея "Плазас" (расход 0,6кг/м2) (Цена:77,00:1,18:5,74*1,02) | D70: кг | E70: 8.4 | F70: 11,6 77,00/1,18/5,74*1,02 | K70: 97
A71: 43 | B71: ТЕР13-06-003-01 | C71: Очистка поверхности щетками (воздуховоды) | D71: 1 м2 | E71: 50 | F71: 10.81 | G71: 10.81 | K71: 541 | L71: 541 | O71: 0.9 | P71: 45
A72: 44 | B72: ТЕР13-06-004-01 | C72: Обеспыливание поверхности (воздуховоды) | D72: 1 м2 | E72: 50 | F72: 2.59 | G72: 1.2 | H72: 1.39 | K72: 130 | L72: 60 | M72: 70 | O72: 0.1 | P72: 5
A73: 45 | B73: ТЕР13-07-002-02 | C73: Обезжиривание поверхностей уайт-спиритом (воздуховоды) | D73: 100 м2 | E73: 0.5 | F73: 303.87 | G73: 54.82 | H73: 2.97 | I73: 0.16 | K73: 152 | L73: 27 | M73: 1 | O73: 4.45 | P73: 2.23
A74: 46 | B74: ТЕР26-01-054-03 прим. | C74: Оклеивание поверхности воздуховодов матами прошивными из базальтового холста в обкладке фольгой с одной стороны МБОР-5ф 985,04 = 3 516,32 - 0,024 x 16 220,00 - 0,12 x 17 850,00 | D74: 100 м2 | E74: 0.5 | F74: 985.04 | G74: 535.48 | H74: 35.85 | K74: 493 | L74: 268 | M74: 18 | O74: 44 | P74: 22
A75: Уд | B75: 1. 101-1838 | C75: Клей ПВА | D75: т | E75: 0,024 0,012 | F75: 16220 | K75: 194.64
A76: Уд | B76: 2. 104-0088 | C76: Ткань стеклянная конструкционная марки Т-10, Т-10п | D76: 1000 м2 | E76: 0,12 0,06 | F76: 17850 | K76: 1071
A77: 47 | B77: Прайс лист от 09.02.15 (стр. 4) | C77: Стоимость матов прошивных из базальтового холста в обкладке фольгой с одной стороны МБОР-5ф (Цена:202,50:1,18:5,74*1,02) | D77: м2 | E77: 50 | F77: 30,5 202,50/1,18/5,74*1,02 | K77: 1525
A78: 48 | B78: Прайс лист от 25.03.15 (стр. 6) | C78: Стоимость клея "Триумф" (расход 0,7кг/м2) (Цена:56,00:1,18:5,74*1,02) | D78: кг | E78: 35 | F78: 8,43 56,00/1,18/5,74*1,02 | K78: 295
A79: 49 | B79: ТСЦ-301-1746 | C79: Лючок с заглушкой | D79: шт. | E79: 3 | F79: 6.5 | K79: 20
A80: Итого по разделу 2 Система П-1 | K80: 88698 | P80: 374.43
A81: Раздел 3. Система П-2
A82: 50 | B82: ТЕР20-06-002-01 прим. | C82: Установка кондиционера КЦКП-1,6-У3 | D82: 1 камера | E82: 1 | F82: 965.62 | G82: 565.61 | H82: 115.2 | I82: 4 | K82: 966 | L82: 566 | M82: 115 | N82: 4 | O82: 43.71 | P82: 43.71
A83: 51 | B83: ТЕР20-06-002-01 прим. | C83: Установка блока с моноблоком | D83: 1 камера | E83: 3 | F83: 965.62 | G83: 565.61 | H83: 115.2 | I83: 4 | K83: 2897 | L83: 1697 | M83: 346 | N83: 12 | O83: 43.71 | P83: 131.13
A84: 52 | B84: ТЕР20-02-006-08 | C84: Установка клапанов с электрическим или пневматическим приводом | D84: 1 шт. | E84: 1 | F84: 70.98 | G84: 31.7 | H84: 4.89 | I84: 0.18 | K84: 71 | L84: 32 | M84: 5 | O84: 2.51 | P84: 2.51
A85: 53 | B85: ТЕР20-06-006-01 прим. | C85: Установка воздухонагревателей | D85: 1 воздухонагреватель | E85: 1 | F85: 241.84 | G85: 108.4 | H85: 17.96 | I85: 0.73 | K85: 242 | L85: 108 | M85: 18 | N85: 1 | O85: 8 | P85: 8
A86: 54 | B86: ТЕР20-05-001-01 прим. | C86: Установка фильтров | D86: 1 м2 | E86: 0.48 | F86: 90.14 | G86: 54.86 | H86: 7.31 | K86: 43 | L86: 26 | M86: 4 | O86: 4.14 | P86: 1.99
A87: 55 | B87: ТЕР20-06-010-01 | C87: Установка камеры промежуточной | D87: 1 камера | E87: 2 | F87: 132.99 | G87: 88.48 | H87: 13.98 | I87: 0.55 | K87: 266 | L87: 177 | M87: 28 | N87: 1 | O87: 6.53 | P87: 13.06
A88: 56 | B88: ТЕР20-03-001-01 | C88: Установка вентиляторов радиальных массой до 0,05 т | D88: 1 вентилятор | E88: 1 | F88: 100.35 | G88: 78.55 | H88: 6.66 | I88: 0.18 | K88: 100 | L88: 79 | M88: 7 | O88: 6.54 | P88: 6.54
A89: 57 | B89: ТЕР20-02-016-09 | C89: Установка глушителей шума вентиляционных установок | D89: 1 пластина | E89: 1 | F89: 31.93 | G89: 13.23 | H89: 5.04 | K89: 32 | L89: 13 | M89: 5 | O89: 1.06 | P89: 1.06
A90: 58 О | B90: Коммерческое предложение № 41/14515/15 от 09.03.15г (стр.7) | C90: Стоимость приточной установки КЦКП-1,6-С-01 (Цена:201575,35:1,18:3,76*1,012*1,03) | D90: шт. | E90: 1 | F90: 47357,12 201575,35/1,18/3,76*1,012*1,03 | J90: 47357 | K90: 47357
A91: 59 О | B91: Коммерческое предложение № 41/14515/15 от 09.03.15г (стр.7) | C91: Стоимость дополнительного оборудования (Цена:373000,00:1,18:3,76*1,012*1,03) | D91: шт. | E91: 1 | F91: 87630,79 373000,00/1,18/3,76*1,012*1,03 | J91: 87631 | K91: 87631
A92: 60 | B92: ТЕРм08-01-102-01 | C92: Монтаж комплекта автоматики | D92: к-кт | E92: 1 | F92: 569.9 | G92: 197.83 | H92: 233.8 | I92: 14.56 | K92: 570 | L92: 198 | M92: 234 | N92: 15 | O92: 14.6 | P92: 14.6
A93: 61 О | B93: Коммерческое предложение № 41/14515/15 от 09.03.15г (стр.7) | C93: Стоимость комплекта автоматики (Цена:98835,73:1,18:3,76*1,012*1,03) | D93: шт. | E93: 1 | F93: 23219,98 98835,73/1,18/3,76*1,012*1,03 | J93: 23220 | K93: 23220
A94: 62 | B94: ТЕР20-01-001-01 | C94: Прокладка воздуховодов из листовой, оцинкованной стали и алюминия класса Н (нормальные) толщиной 0,5 мм, диаметром до 200 мм | D94: 100 м2 | E94: 0.037 | F94: 2810.67 | G94: 2068.04 | H94: 170.31 | I94: 9.46 | K94: 104 | L94: 77 | M94: 6 | O94: 167.86 | P94: 6.21
A95: 63 | B95: ТСЦ-301-1786 | C95: Воздуховоды из оцинкованной стали толщиной 0,5 мм, диаметром до 200 мм | D95: м2 | E95: 3.7 | F95: 347.48 | K95: 1286
A96: 64 | B96: ТЕР20-01-005-02 | C96: Прокладка воздуховодов из листовой стали толщиной 2 мм, диаметром до 250 мм | D96: 100 м2 | E96: 0.136 | F96: 8108.18 | G96: 3802.99 | H96: 2446.66 | I96: 270.21 | K96: 1103 | L96: 517 | M96: 333 | N96: 37 | O96: 276.38 | P96: 37.59
A97: 65 | B97: ТСЦ-301-1809 прим. | C97: Воздуховоды из листовой оцинкованной стали толщиной 2,0 мм, диаметром до 250 мм | D97: м2 | E97: 13.6 | F97: 505.1 | K97: 6869
A98: 66 | B98: ТЕР20-01-005-03 | C98: Прокладка воздуховодов из листовой стали толщиной 2 мм, диаметром до 355 мм | D98: 100 м2 | E98: 0.044 | F98: 8038.62 | G98: 3552.14 | H98: 2621.41 | I98: 292.92 | K98: 354 | L98: 156 | M98: 115 | N98: 13 | O98: 258.15 | P98: 11.36
A99: 67 | B99: ТСЦ-301-1810 прим. | C99: Воздуховоды из листовой оцинкованной стали толщиной 2,0 мм, диаметром до 355 мм | D99: м2 | E99: 4.4 | F99: 457.08 | K99: 2011
A100: 68 | B100: ТЕР20-01-001-18 прим. | C100: Прокладка воздуховодов из оцинкованной стали толщиной 1,0 мм, диаметром до 1000 мм (в том числе переход) | D100: 100 м2 | E100: 0.051 | F100: 1522.92 | G100: 996.44 | H100: 122.03 | I100: 5.1 | K100: 78 | L100: 51 | M100: 6 | O100: 80.88 | P100: 4.12
A101: 69 | B101: ТСЦ-301-1798 | C101: Воздуховоды из оцинкованной стали толщиной 1,0 мм, диаметром до 1000 мм (в том числе переход) | D101: м2 | E101: 5.1 | F101: 272.33 | K101: 1389
A102: 70 | B102: ТСЦ-301-0475 | C102: Крепления для воздуховодов подвески СТД6208, СТД6209, СТД6210 | D102: т | E102: 0.015 | F102: 8739.36 | K102: 131
A103: 71 | B103: ТЕР13-03-002-04 | C103: Огрунтовка металлических поверхностей за один раз грунтовкой ГФ-021 (крепления) | D103: 100 м2 | E103: 0.004 | F103: 417.46 | G103: 79.65 | H103: 10.15 | I103: 0.16 | K103: 2 | O103: 5.31 | P103: 0.02
...

Sheet 25792
A1: СОГЛАСОВАНО: | E1: ФГУП "Комбинат "Электрохимприбор" | M1: УТВЕРЖДАЮ:
G2: (наименование стройки) | M2: Зам. генерального директора
A3: _____________________________ | M3: Е.В.Гордеев
A4: " _____ " ________________ 2015г. | G4: ЛОКАЛЬНЫЙ СМЕТНЫЙ РАСЧЕТ №25792
G5: (локальная смета) | M5: "______ " __________2015 г.
C7: на | D7: Реконструкцию. Площадка 2 Здание 234 Г (инв.№ 7401055)
D8: Раздел: Пусконаладочные работы. Вентиляция
H9: (наименование работ и затрат, наименование объекта)
D11: Основание: Проект № 25026-14-ОВ
D12: Сметная стоимость прочих _______________________________________________________________________________________________ | J12: ___________________________9,082 | L12: тыс. руб.
D13: Средства на оплату труда _______________________________________________________________________________________________ | J13: ___________________________4,430 | L13: тыс. руб.
D14: Сметная трудоемкость _______________________________________________________________________________________________ | J14: _______________________________________________________________________________________________295,67 | L14: чел.час
D15: Составлен(а) в базовых ценах 2001г. в редакции 2009г.
A18: № пп | B18: Обосно- вание | C18: Наименование | D18: Ед. изм. | E18: Кол. | F18: Стоимость единицы, руб. | J18: Общая стоимость, руб. | N18: Т/з осн. раб.на ед. | O18: Т/з осн. раб. Всего | P18: Т/з мех. на ед. | Q18: Т/з мех. Всего
F19: Всего | G19: В том числе | J19: Всего | K19: В том числе
G20: Осн.З/п | H20: Эк.Маш | I20: З/пМех | K20: Осн.З/п | L20: Эк.Маш | M20: З/пМех
A21: 1 | B21: 2 | C21: 3 | D21: 4 | E21: 5 | F21: 6 | G21: 7 | H21: 8 | I21: 9 | J21: 10 | K21: 11 | L21: 12 | M21: 13 | N21: 14 | O21: 15 | P21: 16 | Q21: 17
A22: Раздел 1. Системы вентиляции (Пусконаладочные работы: (вхолостую 75%)
A23: Система П-1.
A24: 1 | B24: ТЕРп03-01-022-01 | C24: Сеть систем вентиляции и кондиционирования воздуха при количестве сечений до 5 | D24: 1 вентиляционная сеть | E24: 1 | F24: 190.58 | G24: 190.58 | J24: 191 | K24: 191 | N24: 10 | O24: 10
A25: 2 | B25: ТЕРп03-01-011-06 | C25: Регулировочно-запорное устройство клапан огнезадерживающий КЛОП | D25: 1 устройство | E25: 14 | F25: 81.95 | G25: 81.95 | J25: 1147 | K25: 1147 | N25: 4.3 | O25: 60.2
A26: Система П-2.
A27: 3 | B27: ТЕРп03-01-007-01 прим. | C27: Кондиционер Центральный КЦКП-1,6-У3 | D27: 1 устройство | E27: 1 | F27: 185.58 | G27: 185.58 | J27: 186 | K27: 186 | N27: 10 | O27: 10
A28: 4 | B28: ТЕРп03-01-011-01 | C28: Регулировочно-запорное устройство клапан воздушный проходной с электрическим, пневматическим приводом | D28: 1 устройство | E28: 1 | F28: 28.59 | G28: 28.59 | J28: 29 | K28: 29 | N28: 1.5 | O28: 1.5
A29: 5 | B29: ТЕРп03-01-004-01 прим. | C29: Установка воздухонагревателя | D29: 1 установка | E29: 1 | F29: 73.79 | G29: 73.79 | J29: 74 | K29: 74 | N29: 4 | O29: 4
A30: 6 | B30: ТЕРп03-01-028-01 прим. | C30: Фильтр панельный | D30: 1 устройство | E30: 2 | F30: 18.56 | G30: 18.56 | J30: 37 | K30: 37 | N30: 1 | O30: 2
A31: 7 | B31: ТЕРп03-01-002-13 прим. | C31: Вентилятор ВСК-4 | D31: 1 устройство | E31: 1 | F31: 92.79 | G31: 92.79 | J31: 93 | K31: 93 | N31: 5 | O31: 5
A32: 8 | B32: ТЕРп03-01-022-01 | C32: Сеть систем вентиляции и кондиционирования воздуха при количестве сечений до 5 | D32: 1 вентиляционная сеть | E32: 1 | F32: 190.58 | G32: 190.58 | J32: 191 | K32: 191 | N32: 10 | O32: 10
A33: 9 | B33: ТЕРп03-01-011-05 | C33: Регулировочно-запорное устройство клапан обратный | D33: 1 устройство | E33: 1 | F33: 53.36 | G33: 53.36 | J33: 53 | K33: 53 | N33: 2.8 | O33: 2.8
A34: 10 | B34: ТЕРп03-01-011-06 | C34: Регулировочно-запорное устройство клапан огнезадерживающий КЛОП | D34: 1 устройство | E34: 4 | F34: 81.95 | G34: 81.95 | J34: 328 | K34: 328 | N34: 4.3 | O34: 17.2
A35: Система В-1.
A36: 11 | B36: ТЕРп03-01-002-13 | C36: Вентилятор радиальный (центробежный), диаметральный или крышный до массой до 0,05т | D36: 1 устройство | E36: 1 | F36: 92.79 | G36: 92.79 | J36: 93 | K36: 93 | N36: 5 | O36: 5
A37: 12 | B37: ТЕРп03-01-022-01 | C37: Сеть систем вентиляции и кондиционирования воздуха при количестве сечений до 5 | D37: 1 вентиляционная сеть | E37: 1 | F37: 190.58 | G37: 190.58 | J37: 191 | K37: 191 | N37: 10 | O37: 10
A38: 13 | B38: ТЕРп03-01-011-06 | C38: Регулировочно-запорное устройство клапан огнезадерживающий КЛОП | D38: 1 устройство | E38: 3 | F38: 81.95 | G38: 81.95 | J38: 246 | K38: 246 | N38: 4.3 | O38: 12.9
A39: Система В-5
A40: 14 | B40: ТЕРп03-01-022-01 | C40: Сеть систем вентиляции и кондиционирования воздуха при количестве сечений до 5 | D40: 1 вентиляционная сеть | E40: 1 | F40: 190.58 | G40: 190.58 | J40: 191 | K40: 191 | N40: 10 | O40: 10
A41: 15 | B41: ТЕРп03-01-011-06 | C41: Регулировочно-запорное устройство клапан огнезадерживающий КЛОП | D41: 1 устройство | E41: 1 | F41: 81.95 | G41: 81.95 | J41: 82 | K41: 82 | N41: 4.3 | O41: 4.3
A42: Система В-6
A43: 16 | B43: ТЕРп03-01-022-01 | C43: Сеть систем вентиляции и кондиционирования воздуха при количестве сечений до 5 | D43: 1 вентиляционная сеть | E43: 1 | F43: 190.58 | G43: 190.58 | J43: 191 | K43: 191 | N43: 10 | O43: 10
A44: 17 | B44: ТЕРп03-01-011-06 | C44: Регулировочно-запорное устройство клапан огнезадерживающий КЛОП | D44: 1 устройство | E44: 2 | F44: 81.95 | G44: 81.95 | J44: 164 | K44: 164 | N44: 4.3 | O44: 8.6
A45: Система В-8
A46: 18 | B46: ТЕРп03-01-002-13 | C46: Вентилятор радиальный (центробежный), диаметральный или крышный до массой до 0,05т | D46: 1 устройство | E46: 1 | F46: 92.79 | G46: 92.79 | J46: 93 | K46: 93 | N46: 5 | O46: 5
A47: 19 | B47: ТЕРп03-01-022-01 | C47: Сеть систем вентиляции и кондиционирования воздуха при количестве сечений до 5 | D47: 1 вентиляционная сеть | E47: 1 | F47: 190.58 | G47: 190.58 | J47: 191 | K47: 191 | N47: 10 | O47: 10
A48: 20 | B48: ТЕРп03-01-011-05 | C48: Регулировочно-запорное устройство клапан обратный | D48: 1 устройство | E48: 1 | F48: 53.36 | G48: 53.36 | J48: 53 | K48: 53 | N48: 2.8 | O48: 2.8
A49: Система В-9
A50: 21 | B50: ТЕРп03-01-002-13 | C50: Вентилятор радиальный (центробежный), диаметральный или крышный до массой до 0,05т | D50: 1 устройство | E50: 1 | F50: 92.79 | G50: 92.79 | J50: 93 | K50: 93 | N50: 5 | O50: 5
A51: 22 | B51: ТЕРп03-01-022-01 | C51: Сеть систем вентиляции и кондиционирования воздуха при количестве сечений до 5 | D51: 1 вентиляционная сеть | E51: 1 | F51: 190.58 | G51: 190.58 | J51: 191 | K51: 191 | N51: 10 | O51: 10
A52: 23 | B52: ТЕРп03-01-011-05 | C52: Регулировочно-запорное устройство клапан обратный | D52: 1 устройство | E52: 1 | F52: 53.36 | G52: 53.36 | J52: 53 | K52: 53 | N52: 2.8 | O52: 2.8
A53: Итого по разделу 1 Системы вентиляции (Пусконаладочные работы: (вхолостую 75%) | J53: 7673 | O53: 251.97
A54: Раздел 2. Автоматика (Пусконаладочные работы (вхолостую 80%)
A55: 24 | B55: ТЕРп01-04-034-01 прим. | C55: Комплект автоматики | D55: 1 компл. | E55: 1 | F55: 716.3 | G55: 716.3 | J55: 716 | K55: 716 | N55: 38 | O55: 38
A56: Итого по разделу 2 Автоматика (Пусконаладочные работы (вхолостую 80%) | J56: 1409 | O56: 43.7
A57: ИТОГИ ПО СМЕТЕ:
A58: Итого прямые затраты по смете в ценах 2001г. | J58: 4877 | K58: 4877 | O58: 257.1
A59: Итого прямые затраты по смете с учетом коэффициентов к итогам | J59: 4430 | K59: 4430 | O59: 295.67
A60: В том числе, справочно:
A61: Районный к-т 4,3% (Поз. 1-24) | J61: 210 | K61: 210
A62: ПНР на действующих предприятиях ОЗП=1,15; ТЗ=1,15 (Поз. 1-24) | J62: 763 | K62: 763 | O62: 38.565
A63: Пусконаладочные работы: (вхолостую 75%) ПЗ=0,75 (ОЗП=0,75; ЭМ=0,75; ЗПМ=0,75; МАТ=0,75) (Поз. 1-23) | J63: -1248 | K63: -1248
A64: Пусконаладочные работы (вхолостую 80%) ПЗ=0,8 (ОЗП=0,8; ЭМ=0,8; ЗПМ=0,8; МАТ=0,8) (Поз. 24) | J64: -172 | K64: -172
A65: Накладные расходы | J65: 2880
A66: В том числе, справочно:
A67: 65% ФОТ (от 4430) (Поз. 1-24) | J67: 2880
A68: Сметная прибыль | J68: 1772
A69: В том числе, справочно:
A70: 40% ФОТ (от 4430) (Поз. 1-24) | J70: 1772
A71: ВСЕГО по смете | J71: 9082 | O71: 295.67
A72: Пусконаладочные работы: 'вхолостую' - 75% | J72: 7673 | O72: 251.97
A73: Пусконаладочные работы: 'вхолостую' - 80% | J73: 1409 | O73: 43.7
A74: Итого | J74: 9082 | O74: 295.67
A75: В том числе:
A76: ФОТ | J76: 4430
A77: Накладные расходы | J77: 2880
A78: Сметная прибыль | J78: 1772
A79: ВСЕГО по смете | J79: 9082 | O79: 295.67
B81: Начальник отд.078 _________________________Т.М.Ковязина | I81: Составил инженер-сметчик __________________ Н.А.Батаева
I82: 06.04.15г.
I83: Ведущий инженер отд.078____________________ В.В.Воронкова

Sheet 25804
A1: СОГЛАСОВАНО: | E1: ФГУП "Комбинат "Электрохимприбор" | M1: УТВЕРЖДАЮ:
G2: (наименование стройки) | M2: Зам. генерального директора
M3: Е.В.Гордеев
A4: _________________ | M4: _________________
A5: " _____ " ________________ 2015 г. | M5: "______ " __________2015 г.
G6: ЛОКАЛЬНЫЙ СМЕТНЫЙ РАСЧЕТ № 25804
G7: (локальная смета)
D9: на Реконструкцию. Площадка 2. Здание 234Г. Инв.№ 7401055.
D10: Раздел: Архитектурно-строительные решения.
H11: (наименование работ и затрат, наименование объекта)
D13: Основание: проект № 25026-14-АС
D14: Сметная стоимость строительных работ _______________________________________________________________________________________________ | J14: ___________________________73,979 | L14: тыс. руб.
D15: Средства на оплату труда _______________________________________________________________________________________________ | J15: ___________________________11,518 | L15: тыс. руб.
D16: Сметная трудоемкость _______________________________________________________________________________________________ | J16: _______________________________________________________________________________________________790,55 | L16: чел.час
D17: Составлен(а) в базовых ценах 2001г. в редакции 2009г.
A19: № пп | B19: Обосно- вание | C19: Наименование | D19: Ед. изм. | E19: Кол. | F19: Стоимость единицы, руб. | J19: Общая стоимость, руб. | N19: Т/з осн. раб.на ед. | O19: Т/з осн. раб. Всего | P19: Т/з мех. на ед. | Q19: Т/з мех. Всего
F20: Всего | G20: В том числе | J20: Всего | K20: В том числе
G21: Осн.З/п | H21: Эк.Маш | I21: З/пМех | K21: Осн.З/п | L21: Эк.Маш | M21: З/пМех
A22: 1 | B22: 2 | C22: 3 | D22: 4 | E22: 5 | F22: 6 | G22: 7 | H22: 8 | I22: 9 | J22: 10 | K22: 11 | L22: 12 | M22: 13 | N22: 14 | O22: 15 | P22: 16 | Q22: 17
A23: 1 | B23: ТЕР46-03-010-03 | C23: Пробивка в стенах толщиной 120 мм отверстий площадью до 500 см2 | D23: 100 отверстий | E23: 0,24 (29-5)/100 | F23: 6638.52 | G23: 1482.58 | H23: 5155.94 | I23: 477.5 | J23: 1593 | K23: 356 | L23: 1237 | M23: 115 | N23: 110.64 | O23: 26.55 | P23: 30.57 | Q23: 7.34
A24: 2 | B24: ТЕР46-03-007-03 | C24: Пробивка проемов в конструкциях из кирпича толщиной стен выше 120 мм | D24: 1 м3 | E24: 0,23 (0,21*0,21+0,175*0,175+0,3*0,3)*0,64+(0,55*0,35+0,33*0,33)*0,4 | F24: 583.75 | G24: 155.35 | H24: 428.4 | I24: 39.67 | J24: 134 | K24: 36 | L24: 98 | M24: 9 | N24: 12.3 | O24: 2.83 | P24: 2.54 | Q24: 0.58
A25: 3 | B25: ТЕР46-03-017-07 | C25: Заделка кирпичом гнезд, борозд и концов балок | D25: 1 м3 заделки | E25: 0.2 | F25: 914.25 | G25: 332.41 | H25: 19.27 | J25: 183 | K25: 66 | L25: 4 | N25: 28.88 | O25: 5.78
A26: 4 | B26: ТЕР46-04-012-03 | C26: Разборка деревянных заполнений проемов дверных | D26: 100 м2 | E26: 0,437 (2,1*0,9*9++2,1*0,8*4+2,1*0,7*1+2,1*1*5+2,1*1,3*2+2,1*1,2*1)/100 | F26: 1496.49 | G26: 1184.57 | H26: 311.92 | I26: 120.9 | J26: 654 | K26: 518 | L26: 136 | M26: 53 | N26: 103.91 | O26: 45.41 | P26: 7.74 | Q26: 3.38
A27: 5 | B27: ФЕР09-04-012-01 | C27: Установка металлических дверных блоков в готовые проемы (Приведение расценок ФЕР к территориальному уровню (Письмо УРЦЦС Ц-297 от 12.04.2011) ОЗП=1,41; ЭМ=1,242; ЗПМ=1,41; МАТ=1,052) | D27: 1 м2 проема | E27: 43,7 (2,1*0,9*9++2,1*0,8*4+2,1*0,7*1+2,1*1*5+2,1*1,3*2+2,1*1,2*1) | F27: 84.31 | G27: 33.57 | H27: 23.68 | J27: 3684 | K27: 1467 | L27: 1035 | N27: 2.4 | O27: 104.88
A28: 6 | B28: Ком.предл. от 16.04.2015г | C28: Блоки дверные металлические ДСВ ЛН 2100-900 М3 (двойной контур уплотнения, степень огнестойкости EI60, противопожарный замок, ручка с противопригарным покрытием, цилиндровый механизм) Формулы цены единицы: МАТ=9200/1,18/5,74 | D28: шт | E28: 8 | F28: 1358,29 9200/1,18/5,74 | J28: 10866
A29: 7 | B29: П/лист от 14.04.2015г. | C29: Блоки дверные металлические ДСВ ДН 2100-1300 М3 (двойной контур уплотнения, степень огнестойкости EI60, противопожарный замок, ручка с противопригарным покрытием, цилиндровый механизм) Формулы цены единицы: МАТ=14600/1,18/5,74 | D29: шт | E29: 2 | F29: 2155,55 14600/1,18/5,74 | J29: 4311
A30: 8 | B30: П/лист от 14.04.2015г. | C30: Блоки дверные металлические ДСВ ЛН 2100-1200 М3 (двойной контур уплотнения, степень огнестойкости EI60, противопожарный замок, ручка с противопригарным покрытием, цилиндровый механизм) Формулы цены единицы: МАТ=13600/1,18/5,74 | D30: шт | E30: 1 | F30: 2007,91 13600/1,18/5,74 | J30: 2008
A31: 9 | B31: П/лист от 14.04.2015г. | C31: Блоки дверные металлические ДСВ ЛН 2100-1000 М3 (двойной контур уплотнения, степень огнестойкости EI60, противопожарный замок, ручка с противопригарным покрытием, цилиндровый механизм) Формулы цены единицы: МАТ=9200/1,18/5,74 | D31: шт | E31: 3 | F31: 1358,29 9200/1,18/5,74 | J31: 4075
A32: 10 | B32: П/лист от 14.04.2015г. | C32: Блоки дверные металлические ДСВ ПН 2100-1000 М3 (двойной контур уплотнения, степенб огнестойкости EI60, сувальдный замок класса В, цилиндровый замок класса В) Формулы цены единицы: МАТ=9200/1,18/5,74 | D32: шт | E32: 2 | F32: 1358,29 9200/1,18/5,74 | J32: 2717
A33: 11 | B33: П/лист от 14.04.2015г. | C33: Блоки дверные металлические ДСВ ПВ 2100-900 М3 (двойной контур уплотнения, степень огнестойкости EI60, противопо-жарный замок, ручка с противопригарным покрытием, цилиндровый механизм) Формулы цены единицы: МАТ=9200/1,18/5,74 | D33: шт | E33: 1 | F33: 1358,29 9200/1,18/5,74 | J33: 1358
A34: 12 | B34: П/лист от 14.04.2015г. | C34: Блоки дверные металлические ДСВ ПВ 2100-800 М3 (двойной контур уплотнения, степень огнестойкости EI60, противопо-жарный замок, ручка с противопригарным покрытием, цилиндровый механизм) Формулы цены единицы: МАТ=9200/1,18/5,74 | D34: шт | E34: 2 | F34: 1358,29 9200/1,18/5,74 | J34: 2717
A35: 13 | B35: П/лист от 14.04.2015г. | C35: Блоки дверные металлические ДСВ ЛВ 2100-800 М3 (двойной контур уплотнения, степень огнестойкости EI60, противопо-жарный замок, ручка с противопригарным покрытием, цилиндровый механизм) Формулы цены единицы: МАТ=9200/1,18/5,74 | D35: шт | E35: 2 | F35: 1358,29 9200/1,18/5,74 | J35: 2717
A36: 14 | B36: П/лист от 14.04.2015г. | C36: Блоки дверные металлические ДСВ ПВ 2100-700 М3 (двойной контур уплотнения, степень огнестойкости EI60, противопо-жарный замок, ручка с противопригарным покрытием, цилиндровый механизм) Формулы цены единицы: МАТ=9200/1,18/5,74 | D36: шт | E36: 1 | F36: 1358,29 9200/1,18/5,74 | J36: 1358
A37: 15 | B37: ТЕРр61-7-1 | C37: Ремонт штукатурки откосов внутри здания по камню и бетону цементно-известковым раствором прямолинейных | D37: 100 м2 | E37: 0,051 ((2,1*2+1)*0,6+(2,1*2+0,8)*0,4)/100 | F37: 7777.57 | G37: 4838.05 | H37: 46.75 | I37: 18.12 | J37: 397 | K37: 247 | L37: 2 | M37: 1 | N37: 383.06 | O37: 19.54 | P37: 1.16 | Q37: 0.06
A38: 16 | B38: ТЕРр61-2-7 | C38: Ремонт штукатурки внутренних стен по камню и бетону цементно-известковым раствором, площадью отдельных мест до 1 м2 толщиной слоя до 20 мм | D38: 100 м2 | E38: 0,095 0,5*19/100 | F38: 4324.05 | G38: 2849.81 | H38: 27 | I38: 10.47 | J38: 411 | K38: 271 | L38: 3 | M38: 1 | N38: 228.35 | O38: 21.69 | P38: 0.67 | Q38: 0.06
A39: 17 | B39: ТЕР15-02-016-04 прим. | C39: Устройство падуг в местах сопряжения стен и потолков цементно-известковым или цементным раствором общей шириной 250 мм (на среднюю толщину 50 мм ПЗ=2,5 (ОЗП=2,5; ЭМ=2,5 к расх.; ЗПМ=2,5; МАТ=2,5 к расх.; ТЗ=2,5; ТЗМ=2,5)) | D39: 100 м2 | E39: 1.18 | F39: 6914.85 | G39: 2881.88 | H39: 455.78 | I39: 196.4 | J39: 8160 | K39: 3401 | L39: 538 | M39: 232 | N39: 217.5 | O39: 256.65 | P39: 15.725 | Q39: 18.56
A40: 18 | B40: ФЕР15-04-007-01 | C40: Окраска водно-дисперсионными акриловыми составами улучшенная: по штукатурке стен (Приведение расценок ФЕР к территориальному уровню Свердловской области (Межрегиональный сборник к-тов пересчета сметной стоимости СМР по субъектам РФ, выпуск №3) ОЗП=1,41; ЭМ=1,242; ЗПМ=1,41; МАТ=1,052) | D40: 100 м2 | E40: 0,736 0,051+0,095+1,18/2 | F40: 1690.52 | G40: 536.8 | H40: 16.93 | I40: 0.32 | J40: 1244 | K40: 395 | L40: 12 | N40: 43.56 | O40: 32.06 | P40: 0.02 | Q40: 0.01
A41: 19 | B41: ФЕР15-04-007-02 | C41: Окраска водно-дисперсионными акриловыми составами улучшенная: по штукатурке потолков (падуг) (Приведение расценок ФЕР к территориальному уровню Свердловской области (Межрегиональный сборник к-тов пересчета сметной стоимости СМР по субъектам РФ, выпуск №3) ОЗП=1,41; ЭМ=1,242; ЗПМ=1,41; МАТ=1,052) | D41: 100 м2 | E41: 0,59 1,18/2 | F41: 2025.21 | G41: 776.37 | H41: 18.01 | I41: 0.32 | J41: 1195 | K41: 458 | L41: 11 | N41: 63 | O41: 37.17 | P41: 0.02 | Q41: 0.01
A42: 20 | B42: ФССЦпг01-01-01-041 | C42: Погрузочные работы при автомобильных перевозках: Мусор строительный с погрузкой вручную (п.1.1.9 ОП Прил.1. Поясной коэффициент: Свердловская область ПЗ=1,1 (ОЗП=1,1; ЭМ=1,1; ЗПМ=1,1; МАТ=1,1)) | D42: 1 т груза | E42: 2 | F42: 47.28 | G42: 47.28 | J42: 95 | K42: 95
A43: 21 | B43: ФССЦпг03-21-01-010 | C43: Перевозка грузов (грунта и мусора) автомобилями-самосвалами грузоподъемностью 10 т, работающих вне карьера, на расстояние: до 10 км I класс груза (15 Поясные коэффициенты к сметным ценам на перевозку грузов автомобильным транспортом: Свердловская область ПЗ=1,1 (ОЗП=1,1; ЭМ=1,1; ЗПМ=1,1; МАТ=1,1)) | D43: 1 т груза | E43: 2 | F43: 12.56 | H43: 12.56 | J43: 25 | L43: 25
A44: Итого по разделу | J44: 73979 | O44: 790.55 | Q44: 42.78
A45: ИТОГИ ПО СМЕТЕ:
A46: Итого прямые затраты по смете в ценах 2001г. | J46: 49902 | K46: 7310 | L46: 3101 | M46: 411 | O46: 552.56 | Q46: 30
A47: Итого прямые затраты по смете с учетом коэффициентов к итогам | J47: 55280 | K47: 10922 | L47: 4224 | M47: 596 | O47: 790.55 | Q47: 42.78
A48: В том числе, справочно:
A49: Районный к-т 4,3% (Поз. 1-5, 15-21) | J49: 332 | K49: 314 | L49: 18 | M49: 18
A50: При ремонте и реконструкции зданий и сооружений работы, аналогичные технологическим процессам в новом строительстве ОЗП=1,15; ЭМ=1,25; ЗПМ=1,25; ТЗ=1,15; ТЗМ=1,25 (Поз. 5, 17-19) | J50: 1298 | K50: 895 | L50: 402 | M50: 60 | O50: 64.614 | Q50: 4.645
A51: 3. Производство строительных и других работ в существующих зданиях и сооружениях в стесненных условиях: с наличием в зоне производства работ действующего технологического оборудования (станков, установок, кранов и т.п.) или загромождающих предметов (лабораторное оборудование, мебель и т. п.) ОЗП=1,35; ЭМ=1,35; ЗПМ=1,35; ТЗ=1,35; ТЗМ=1,35 (Поз. 5, 17-19) | J51: 3105 | K51: 2402 | L51: 703 | M51: 106 | O51: 173.3795 | Q51: 8.1305
A52: Заготовительно-складские расходы на материалы - согласно п.4.64 из МДС 81-35.2004 МАТ=1,02 (Поз. 6-14) | J52: 643
A53: Накладные расходы | J53: 11552
A54: В том числе, справочно:
A55: 79% ФОТ (от 542) (Поз. 15-16) | J55: 428
A56: 90% ФОТ (от 2376) (Поз. 5) | J56: 2138
A57: 105% ФОТ (от 7298) (Поз. 17-19) | J57: 7663
A58: 110% ФОТ (от 1203) (Поз. 1-4) | J58: 1323
A59: Сметная прибыль | J59: 7147
A60: В том числе, справочно:
A61: 50% ФОТ (от 542) (Поз. 15-16) | J61: 271
A62: 55% ФОТ (от 7298) (Поз. 17-19) | J62: 4014
A63: 70% ФОТ (от 1203) (Поз. 1-4) | J63: 842
A64: 85% ФОТ (от 2376) (Поз. 5) | J64: 2020
A65: ВСЕГО по смете | J65: 73979 | O65: 790.55 | Q65: 42.78
A66: Итого | J66: 73979 | O66: 790.55 | Q66: 42.78
A67: В том числе:
A68: Материалы | J68: 40134
A69: Машины и механизмы | J69: 4224
A70: ФОТ | J70: 11518
A71: Накладные расходы | J71: 11552
A72: Сметная прибыль | J72: 7147
A73: ВСЕГО по смете | J73: 73979 | O73: 790.55 | Q73: 42.78
B75: Начальник отд. 078 _________________________ Т.М.Ковязина | I75: Составил ведущий инженер __________________ В.В.Воронкова
I76: 17.04.15 г.
